 Dungeon Crawl Stone Soup version 0.31-a0-214-gb37851dbb3 (webtiles) character file.

Game seed: 10696312292466289524

383604 qw the Impregnable (level 22, -24/151 (152) HPs)
             Began as a Gargoyle Fighter on July 1, 2023.
             Was an Elder of Okawaru.
             Annihilated by a titan (27 damage)
             ... on level 5 of the Vaults.
             The game lasted 00:35:08 (45325 turns).

qw the Impregnable (Gargoyle Fighter)              Turns: 45325, Time: 00:35:08

HP:   -24/151 (152) AC: 76    Str: 31    XL:     22   Next: 94%
MP:   29/29         EV: 17    Int:  9    God:    Okawaru [****..]
Gold: 605           SH: 30    Dex: 12    Spells: 21/21 levels left

rFire   + + .        Y - +3 broad axe (protect)
rCold   + + .        F - +2 tower shield {rC+}
rNeg    + . .        J - +9 scales of the Dragon King {rPois rF+ rC+ Will+}
rPois   inf          j - +2 helmet
rElec   +            D - +2 cloak {Will+}
rCorr   .            v - +2 pair of gloves
SInv    +            y - +2 pair of boots
Will    +++..        H - amulet of reflection Stlth
                     C - ring of Ytuycs {rF+ Dex+3 SInv}
HPRegen 0.45/turn    m - +5 ring of evasion
MPRegen 0.21/turn

%: reflection
@: about to teleport, heroic, under a protective aura, flying, lightly drained
A: sickness immunity, AC +16, big wings, negative energy resistance 1,
electricity resistance, torment resistance 1, petrification resistance
}: 2/15 runes: serpentine, barnacled
a: Renounce Religion, Heroism, Finesse


You were on level 5 of the Vaults.
You worshipped Okawaru.
Okawaru was greatly pleased with you.
You visited 8 branches of the dungeon, and saw 40 of its levels.
You also visited: Wizlab.

You collected 3633 gold pieces.
You spent 3028 gold pieces at shops.


Innate Abilities, Weirdness & Mutations

You are immune to sickness and miasma.
Your stone body is resilient. (AC +16)
You are immune to poison.
Your large and strong wings let you fly.
You resist negative energy. (rN+)
You are resistant to electric shocks. (rElec)
You are resistant to unholy torment.
You are immune to petrification.


   Skills:
 - Level 20.0(25.0) Fighting
 - Level 18.0(23.0) Axes
 - Level 10.0(15.0) Throwing
 - Level 22.0(27) Armour
 - Level 6.1(11.1) Dodging
 + Level 20.7(25.7) Shields
 - Level 10.0 Invocations


You had 21 spell levels left.
You didn't know any spells.
Your spell library was empty.

Inventory:

Hand Weapons
 i - a +5 broad axe
 Y - a +3 broad axe of protection (weapon)
Missiles
 g - 14 javelins (quivered)
 l - 2 silver boomerangs
 t - 42 boomerangs
 G - 3 boomerangs of dispersal
Armour
 j - a +2 helmet (worn)
 v - a +2 pair of gloves (worn)
 y - a +2 pair of boots (worn)
 z - +0 acid dragon scales
 B - a +0 tower shield of protection
 D - a +2 cloak of willpower (worn)
 F - a +2 tower shield of cold resistance (worn)
 J - the +9 scales of the Dragon King (worn) {rPois rF+ rC+ Will+}
   (You found it on level 3 of the Vaults)

   rF:        It protects you from fire.
   rC:        It protects you from cold.
   rPois:     It protects you from poison.
   Will:      It increases your willpower.
Jewellery
 m - a +5 ring of evasion (right hand)
 r - a +6 ring of strength
 A - a ring of ice
 C - the ring of Ytuycs (left hand) {rF+ Dex+3 SInv}
   (You found it on level 12 of the Dungeon)

   [ring of protection from fire]

   Dex:       It affects your dexterity (+3).
   rF:        It protects you from fire.
   SInv:      It lets you see invisible.
 H - an amulet of reflection (around neck)
 I - a ring of protection from cold
Wands
 e - a wand of digging (16)
Scrolls
 h - 3 scrolls of teleportation
 n - 21 scrolls of identify
 p - 2 scrolls of enchant armour
Potions
 a - 4 potions of enlightenment
 b - 8 potions of lignification
 c - 4 potions of resistance
 d - 4 potions of might
 f - 9 potions of mutation
 q - 25 potions of curing
 s - 5 potions of magic
 u - 5 potions of haste
 w - 5 potions of attraction
 x - 4 potions of cancellation

Dungeon Overview and Level Annotations

Branches:
Dungeon (15/15)            Temple (1/1) D:4            Lair (5/5) D:9
 Shoals (4/4) Lair:2        Snake (4/4) Lair:3        Slime (0/5) Lair:5
    Orc (2/2) D:11            Elf (0/3) Orc:2        Vaults (5/5) D:14
  Crypt (0/3) Vaults:3     Depths (4/4) D:15            Zot (0/5) Depths:4
 WizLab (visited)

Altars:
Ashenzari
Cheibriados
Dithmenos
Elyvilon
Fedhas
Gozag
Hepliaklqana
Kikubaaqudgha
Makhleb
Nemelex Xobeh
Okawaru
Qazlal
Ru
Sif Muna
Trog
Uskayaw
Vehumet
Wu Jian
Xom
Yredelemnul
Zin
The Shining One

Shops:
D:7 ?   D:10 *   D:13 (   Orc:2 [=(?[   Shoals:3 [![:   Snake:3 :   Vaults:3 =
Vaults:4 (?   Depths:4 [

Portals:
Hell: Depths:1 Depths:2 Depths:3 Depths:4
Abyss: Depths:1 Depths:3 Depths:4
Pandemonium: Depths:2
Ziggurat: Depths:4

Annotations:
Lair:2 1 runed translucent door, qw's ghost, journeyman GrFi
Shoals:2 1 runed translucent door, qw's ghost, adept DEHu
Snake:3 2 runed translucent doors, wjtupper's ghost, adept MiHu
Depths:3 2 runed translucent doors, Jory


Message History

The vault guard closely misses you.
The shadow dragon bites you but does no damage.
The shadow dragon claws you but does no damage. x2
The titan mumbles some strange words.
The titan is healed somewhat.
The titan barely misses you. You block the vault guard's attack.
The vault guard hits you from afar with a +0 bardiche.
You slash the titan!
The titan is almost dead.
You slash the titan! You slash the quicksilver dragon!
You hit the shadow dragon but do no damage.
You slash the frost giant!
A stone giant simulacrum comes into view.
The quicksilver dragon breathes dispelling energy at you.
The bolt of dispelling energy hits you but does no damage.
You feel strangely stable. You block the frost giant's attack.
You hear a shout!
45324 ||| READING 4 scrolls of teleportation.
As you read the scroll of teleportation, it crumbles to dust.
You feel strangely unstable.
You block the quicksilver dragon's attack. x2
The vault guard hits you but does no damage. x2
The titan mumbles some strange words.
The titan is healed somewhat.
The shadow dragon barely misses you.
The shadow dragon completely misses you.
The shadow dragon claws you but does no damage.
The titan hits you but does no damage.
The vault guard hits you but does no damage.
A frost giant zombie comes into view.
You slice the quicksilver dragon!!
You kill the quicksilver dragon!
Okawaru accepts your kill.
The quicksilver dragon scales are intact enough to wear.
You barely miss the shadow dragon.
You hit the frost giant but do no damage.
You hit the titan but do no damage. x2; You slice the tengu reaver!!
You block the vault guard's attack. x2; You block the frost giant's attack.
The titan hits you!!
You die...

#..#....#
#..#....# .
###..#....# ..
....#....#Z..
........Z...
######...p....##
.......Q)pp.....
..c...C@Dp.<....
......C[C<<.....
.......C........
######........##
#........#
..#...[....
...#....#...
....#....#...


You could see a shadow dragon, 2 titans, a frost giant, a stone giant, a tengu
reaver, a yaktaur captain, 3 vault guards, a necromancer, a stone giant
simulacrum and a frost giant zombie.

Vanquished Creatures
  A dread lich (Vaults:1)
  4 juggernauts
  Bai Suzhen (Vaults:3)
  Margery (Vaults:2)
  A caustic shrike (Depths:2)
  3 golden dragons
  Nikola (Shoals:3)
  2 bone dragons (Depths:4)
  Mlioglotl (Shoals:1)
  2 tentacled monstrosities (Depths:3)
  3 liches
  A quicksilver dragon (Vaults:5)
  5 sphinxes
  A kraken (Shoals:4)
  Polyphemus (Shoals:4)
  3 shadow dragons
  A tengu reaver (Vaults:3)
  2 nagarajas
  4 storm dragons
  A fire giant (Depths:4)
  7 frost giants
  Louise (Depths:3)
  12 vault wardens
  5 spectral caustic shrikes (Depths:3)
  A balrug (Depths:4)
  2 draconian shifters (Depths:4)
  2 orc warlords
  6 stone giants
  A war gargoyle (Vaults:3)
  6 very ugly things
  2 formless jellyfish
  7 ironbound thunderhulks
  14 ironbound preservers
  2 vampire knights
  2 purple draconians (Depths:4)
  A black draconian (Depths:4)
  2 white draconians (Depths:4)
  A red draconian (Depths:4)
  4 dire elephants (Vaults:1)
  2 eidola (Vaults:1)
  3 crystal guardians
  12 ettins
  11 merfolk impalers
  4 fire dragons
  2 great orbs of eyes
  6 merfolk javelineers
  2 entropy weavers
  7 yaktaur captains
  3 rakshasas (D:15)
  Harold (Lair:2)
  5 salamander tyrants
  A hell beast (Depths:4)
  2 peacekeepers
  21 vault guards
  A death knight (D:13)
  An alligator snapping turtle (Shoals:4)
  10 ironbound frosthearts
  Fannar (Orc:1)
  4 hydras
  5 ice dragons
  16 anacondas
  3 spriggan air magi
  2 two-headed ogres
  6 merfolk aquamancers
  7 merfolk avatars
  5 boulder beetles
  19 centaur warriors
  4 catoblepae
  4 deep troll shamans
  A satyr (Shoals:1)
  7 death yaks
  7 deep troll earth magi
  15 naga warriors
  Urug (D:11)
  9 naga sharpshooters
  2 tengu warriors
  2 spriggan berserkers
  An orc high priest (Orc:2)
  Sonja (Lair:2)
  2 soul eaters (D:13)
  4 shock serpents
  A sun demon (D:13)
  9 hell knights
  7 skysharks
  7 salamander mystics
  Nergalle (Lair:3)
  5 iron trolls
  A sixfirhy (D:13)
  A glowing orange brain (Depths:3)
  16 sea snakes
  49 deep trolls
  11 lindwurms
  18 ironbound convokers
  A shadow dragon zombie (WizLab)
  Pikel (D:6)
  4 necromancers
  A phantasmal warrior (Vaults:1)
  9 naga ritualists
  6 orc knights
  4 wizards
  A steelbarb worm (shapeshifter) (Vaults:4)
  23 ugly things
  2 deep elf pyromancers
  7 mana vipers
  3 orc sorcerers
  6 harpies
  5 fauns (Shoals:1)
  8 cyclopes
  A moth of wrath (shapeshifter) (D:12)
  25 manticores
  15 elephants
  27 salamanders
  8 guardian serpents (Snake:4)
  A fire giant skeleton (Vaults:3)
  35 black mambas
  8 water nymphs
  3 smoke demons (D:13)
  11 vault sentinels
  13 naga magi
  8 merfolk sirens
  15 cane toads
  3 gargoyles
  An unseen horror (D:11)
  An orange demon (D:13)
  3 freezing wraiths
  4 kobold demonologists (D:12)
  4 rime drakes
  5 tengu conjurers
  An efreet (D:15)
  13 komodo dragons
  A red devil (D:13)
  53 yaktaurs
  5 ice devils
  57 merfolk
  10 trolls
  A hellwing (D:13)
  5 wind drakes
  2 polar bears
  5 hornets
  A raiju (shapeshifter) (D:15)
  24 blink frogs
  14 dream sheep
  Sigmund (D:6)
  A centaur simulacrum (D:14)
  14 snapping turtles
  27 slime creatures
  A jumping spider (Vaults:5)
  A flying skull (Vaults:3)
  A shadow (D:11)
  4 spriggans
  8 water elementals
  2 ynoxinuls (D:13)
  A fire elemental (Depths:1)
  53 yaks
  9 wyverns
  A vampire (D:7)
  7 basilisks
  4 wraiths
  3 chaos spawn
  An elf skeleton (Vaults:3)
  3 steam dragons (Lair:5)
  2 wargs
  7 vampire mosquitoes
  2 redbacks
  Menkaure (D:4)
  2 acid dragons
  32 nagas
  Duvessa (D:5)
  14 water moccasins
  A floating eye (Depths:3)
  2 sky beasts (D:7)
  6 ice beasts
  26 orc warriors
  4 black bears
  3 ogres
  11 centaurs
  12 wolves
  A human skeleton (Vaults:3)
  3 phantoms
  2 kobold brigands (D:12)
  4 lemures (D:6)
  Blork the orc (D:6)
  9 bullfrogs
  3 gnoll sergeants
  2 scorpions
  18 wights
  Dowan (D:5)
  21 killer bees
  3 electric eels (D:15)
  6 howler monkeys
  3 hounds
  21 orc priests
  3 jellies
  A gnoll bouda (D:8)
  3 iguanas
  2 sleepcaps
  29 orc wizards
  8 hell rats
  16 gnolls
  8 river rats (Lair:5)
  7 adders
  A shadow imp (D:7)
  3 ufetubi
  4 dart slugs
  92 orcs
  4 endoplasms (D:3)
  3 giant cockroaches
  10 goblins
  A hobgoblin (D:4)
  3 jackals (D:1)
  7 kobolds
  A quokka (D:3)
  5 ball pythons
  7 bats
  2 frilled lizards (D:1)
  6 rats
  A butterfly (Lair:4)
  A starspawn tentacle (Shoals:1)
  2 tentacles (Shoals:4)
1525 creatures vanquished.

Vanquished Creatures (others)
  A fire dragon (Depths:3)
  An orc knight (Vaults:4)
  2 wizards
  A black mamba (Snake:3)
  A merfolk (Shoals:4)
  A water elemental (D:15)
  A naga (Snake:4)
  An orc warrior (Orc:1)
  2 orc priests
  2 orcs
  2 foxfires (Shoals:1)
  A starspawn tentacle (Shoals:1)
  4 tentacles (Shoals:4)
20 creatures vanquished.

Grand Total: 1545 creatures vanquished

Notes
Turn   | Place    | Note
-------+----------+-------------------------------------------
     0 | D:1      | qw the Gargoyle Fighter began the quest for the Orb.
     0 | D:1      | Reached XP level 1. HP: 14/14 MP: 1/1
     0 | D:1      | 0 ||| qw: Version: 0.3-a-32-g5962c71
     0 | D:1      | 0 ||| qw: Game counter: 7390
     0 | D:1      | 0 ||| qw: Melee chars always use a shield: true
     0 | D:1      | 0 ||| qw: God list: Okawaru
     0 | D:1      | 0 ||| qw: Allow faded altars: false
     0 | D:1      | 0 ||| qw: Do Orc after clearing Dungeon:15 true
     0 | D:1      | 0 ||| qw: Do second Lair branch before Depths: true
     0 | D:1      | 0 ||| qw: Lair rune preference: random
     0 | D:1      | 0 ||| qw: Goals: Normal, Zot:1-4, Slime:5, God:TSO, Crypt,
                  | Tomb, Abyss, Pan, Hells, Win
     0 | D:1      | 0 ||| PLANNING D:1-11
   155 | D:1      | 155 ||| Stepping ~*~*~tactically~*~*~ (hiding).
   159 | D:1      | 159 ||| Stepping ~*~*~tactically~*~*~ (hiding).
   160 | D:1      | 160 ||| Stepping ~*~*~tactically~*~*~ (hiding).
   165 | D:1      | Reached XP level 2. HP: 18/19 MP: 2/2
   867 | D:1      | 867 ||| READING scroll labelled NONAER ZUASA.
   868 | D:1      | 868 ||| READING scroll labelled MISUG OPIK.
   869 | D:1      | 869 ||| READING scroll labelled NEOCEMEAGG.
   870 | D:1      | 870 ||| DRINKING 3 lumpy inky potions.
   893 | D:2      | 893 ||| Stepping ~*~*~tactically~*~*~ (stealth).
   895 | D:2      | 895 ||| Stepping ~*~*~tactically~*~*~ (stealth).
   919 | D:2      | Reached skill level 3 in Axes
   961 | D:2      | Reached XP level 3. HP: 23/23 MP: 3/3
   978 | D:2      | 978 ||| DROPPING +0 club.
  1408 | D:2      | 1408 ||| Stepping ~*~*~tactically~*~*~ (hiding).
  1432 | D:2      | 1432 ||| Stepping ~*~*~tactically~*~*~ (hiding).
  1764 | D:2      | 1764 ||| DROPPING orb of light.
  1765 | D:2      | 1765 ||| UPGRADING to +0 plate armour.
  1775 | D:2      | 1775 ||| DROPPING +0 scale mail.
  1776 | D:2      | 1776 ||| READING scroll labelled FUW XOUJIA.
  1777 | D:2      | 1777 ||| READING scroll labelled QAIRAO KUADIBY.
  1778 | D:2      | 1778 ||| READING scroll labelled ZOYQADOMPOD.
  1781 | D:2      | 1781 ||| READING scroll labelled MOCVUX LIJARY.
  1873 | D:3      | Reached XP level 4. HP: 24/28 MP: 4/4
  1962 | D:3      | 1962 ||| Stepping ~*~*~tactically~*~*~ (stealth).
  1976 | D:3      | 1976 ||| DRINKING 2 potions of curing.
  1976 | D:3      | 1976 ||| (to cure confusion)
  2005 | D:3      | Found a faded altar of an unknown god.
  2137 | D:3      | Found a sparkling altar of Nemelex Xobeh.
  2156 | D:3      | 2156 ||| UPGRADING to +0 pair of boots.
  2161 | D:3      | 2161 ||| DROPPING +6 ring of intelligence.
  2162 | D:3      | 2162 ||| READING 2 scrolls of identify.
  2162 | D:3      | 2162 ||| IDENTIFYING black potion
  2168 | D:3      | Found an iron altar of Okawaru.
  2169 | D:3      | 2169 ||| PLANNING OKAWARU WORSHIP
  2635 | D:3      | 2635 ||| READING scroll labelled EHEAFAT ISMOTO.
  2636 | D:3      | 2636 ||| PLANNING D:1-11
  2661 | D:4      | Noticed a black bear
  2662 | D:4      | 2662 ||| STAIRDANCE
  2666 | D:3      | Reached XP level 5. HP: 28/32 MP: 5/5
  2684 | D:4      | 2684 ||| STAIRDANCE
  2697 | D:3      | HP: 8/32 [black bear (5)]
  2699 | D:3      | Killed a black bear
  2700 | D:3      | Reached XP level 6. HP: 9/37 MP: 6/6
  2861 | D:4      | 2861 ||| Stepping ~*~*~tactically~*~*~ (stealth).
  2865 | D:4      | Noticed Menkaure
  2875 | D:4      | Killed Menkaure
  2983 | D:4      | 2983 ||| DROPPING +0 whip.
  2987 | D:4      | 2987 ||| Stepping ~*~*~tactically~*~*~ (hiding).
  2989 | D:4      | 2989 ||| Stepping ~*~*~tactically~*~*~ (hiding).
  2991 | D:4      | 2991 ||| Stepping ~*~*~tactically~*~*~ (hiding).
  3053 | D:4      | Reached XP level 7. HP: 44/44 MP: 7/7
  3087 | D:4      | Reached skill level 6 in Axes
  3237 | D:4      | Found a staircase to the Ecumenical Temple.
  3238 | D:4      | 3238 ||| PLANNING TEMPLE
  3238 | D:4      | 3238 ||| UPGRADING to +0 cloak.
  3243 | D:4      | 3243 ||| UPGRADING to +0 tower shield.
  3253 | D:4      | 3253 ||| DROPPING +0 buckler.
  3254 | D:4      | 3254 ||| UPGRADING to amulet of regeneration.
  3259 | D:4      | 3259 ||| READING scroll labelled BEAFOEMIOPS.
  3260 | D:4      | 3260 ||| DRINKING 2 glowing sapphire potions.
  3315 | Temple   | Entered the Ecumenical Temple
  3399 | Temple   | 3399 ||| PLANNING D:1-11
  3556 | D:4      | Found a hazy altar of Hepliaklqana.
  3715 | D:5      | Entered Level 5 of the Dungeon
  3720 | D:5      | 3720 ||| Stepping ~*~*~tactically~*~*~ (hiding).
  3721 | D:5      | 3721 ||| Stepping ~*~*~tactically~*~*~ (hiding).
  3722 | D:5      | 3722 ||| Stepping ~*~*~tactically~*~*~ (hiding).
  3756 | D:5      | 3756 ||| DRINKING 2 potions of curing.
  3756 | D:5      | 3756 ||| (to cure confusion)
  3758 | D:5      | 3758 ||| DRINKING potion of curing.
  3758 | D:5      | 3758 ||| (to cure confusion)
  3830 | D:5      | Noticed Duvessa
  3830 | D:5      | Noticed Dowan
  3831 | D:5      | 3831 ||| Stepping ~*~*~tactically~*~*~ (stealth).
  3833 | D:5      | 3833 ||| Stepping ~*~*~tactically~*~*~ (hiding).
  3846 | D:5      | Killed Duvessa
  3847 | D:5      | HP: 7/44 [Dowan/shard of ice (16)]
  3850 | D:5      | Reached skill level 6 in Shields
  3858 | D:5      | 3858 ||| Stepping ~*~*~tactically~*~*~ (hiding).
  3862 | D:5      | 3862 ||| Stepping ~*~*~tactically~*~*~ (hiding).
  3877 | D:5      | HP: 10/44 [Dowan/shard of ice (12)]
  3878 | D:5      | Killed Dowan
  3879 | D:5      | Reached XP level 8. HP: 13/48 MP: 8/8
  4018 | D:5      | Found a sacrificial altar of Ru.
  4020 | D:5      | Found an ornate altar of the Wu Jian Council.
  4021 | D:5      | Found a hide-covered altar of Uskayaw.
  4257 | D:5      | 4257 ||| DRINKING 2 golden potions.
  4258 | D:5      | 4258 ||| READING 3 scrolls of identify.
  4258 | D:5      | 4258 ||| IDENTIFYING silvery potion
  4259 | D:5      | 4259 ||| READING 2 scrolls of identify.
  4259 | D:5      | 4259 ||| IDENTIFYING yellow potion
  4260 | D:5      | 4260 ||| DROPPING potion of degeneration.
  4261 | D:5      | 4261 ||| DROPPING potion of brilliance.
  4293 | D:6      | 4293 ||| Stepping ~*~*~tactically~*~*~ (stealth).
  4311 | D:6      | Noticed Sigmund
  4343 | D:6      | Noticed Pikel
  4351 | D:6      | Killed Sigmund
  4367 | D:6      | Killed Pikel
  4368 | D:6      | Reached XP level 9. HP: 48/53 MP: 9/9
  4395 | D:6      | Noticed Blork the orc
  4396 | D:6      | 4396 ||| Stepping ~*~*~tactically~*~*~ (hiding).
  4397 | D:6      | 4397 ||| Stepping ~*~*~tactically~*~*~ (hiding).
  4398 | D:6      | 4398 ||| Stepping ~*~*~tactically~*~*~ (hiding).
  4399 | D:6      | 4399 ||| Stepping ~*~*~tactically~*~*~ (hiding).
  4408 | D:6      | Killed Blork the orc
  4416 | D:6      | Reached skill level 4 in Armour
  4557 | D:6      | 4557 ||| Stepping ~*~*~tactically~*~*~ (hiding).
  4568 | D:6      | 4568 ||| Stepping ~*~*~tactically~*~*~ (hiding).
  4671 | D:6      | Reached skill level 1 in Dodging
  4709 | D:6      | Found a basalt altar of Yredelemnul.
  4744 | D:6      | 4744 ||| READING scroll labelled CAFAPH PYNA.
  4745 | D:6      | 4745 ||| READING 3 scrolls of identify.
  4745 | D:6      | 4745 ||| IDENTIFYING grey potion
  4882 | D:7      | Reached skill level 1 in Throwing
  4882 | D:7      | 4882 ||| Stepping ~*~*~tactically~*~*~ (hiding).
  4883 | D:7      | 4883 ||| Stepping ~*~*~tactically~*~*~ (hiding).
  4884 | D:7      | 4884 ||| Stepping ~*~*~tactically~*~*~ (hiding).
  4968 | D:7      | 4968 ||| Stepping ~*~*~tactically~*~*~ (hiding).
  5126 | D:7      | 5126 ||| Stepping ~*~*~tactically~*~*~ (hiding).
  5127 | D:7      | 5127 ||| Stepping ~*~*~tactically~*~*~ (stealth).
  5166 | D:7      | HP: 12/54 [wight/+0 halberd (9)]
  5167 | D:7      | 5167 ||| READING scroll of teleportation.
  5392 | D:7      | Found Hyokep's Magic Scroll Boutique.
  5422 | D:7      | 5422 ||| Stepping ~*~*~tactically~*~*~ (stealth).
  5453 | D:7      | Reached XP level 10. HP: 59/59 MP: 10/10
  6098 | D:7      | 6098 ||| UPGRADING to +0 helmet.
  6103 | D:7      | 6103 ||| DROPPING amulet of the acrobat.
  6162 | D:8      | 6162 ||| STAIRDANCE
  6171 | D:7      | Reached skill level 5 in Armour
  6244 | D:8      | Reached skill level 6 in Fighting
  6317 | D:8      | 6317 ||| Stepping ~*~*~tactically~*~*~ (stealth).
  6370 | D:8      | 6370 ||| Stepping ~*~*~tactically~*~*~ (stealth).
  6372 | D:8      | 6372 ||| Stepping ~*~*~tactically~*~*~ (stealth).
  6375 | D:8      | 6375 ||| Stepping ~*~*~tactically~*~*~ (stealth).
  6376 | D:8      | 6376 ||| Stepping ~*~*~tactically~*~*~ (stealth).
  6541 | D:8      | Reached skill level 9 in Axes
  6695 | D:8      | 6695 ||| SWAPPING to +1 war axe of flaming.
  6696 | D:8      | 6696 ||| DROPPING +0 flail.
  6697 | D:8      | 6697 ||| DROPPING +0 war axe of freezing.
  6919 | D:9      | Reached skill level 6 in Armour
  7090 | D:9      | HP: 5/60 [rime drake/icy flash freeze (25)]
  7091 | D:9      | 7091 ||| READING 2 scrolls of teleportation.
  7209 | D:9      | Reached skill level 12 in Shields
  7520 | D:9      | 7520 ||| Stepping ~*~*~tactically~*~*~ (hiding).
  7523 | D:9      | 7523 ||| Stepping ~*~*~tactically~*~*~ (hiding).
  7525 | D:9      | 7525 ||| Stepping ~*~*~tactically~*~*~ (hiding).
  7526 | D:9      | 7526 ||| Stepping ~*~*~tactically~*~*~ (hiding).
  7527 | D:9      | 7527 ||| Stepping ~*~*~tactically~*~*~ (hiding).
  7528 | D:9      | 7528 ||| Stepping ~*~*~tactically~*~*~ (hiding).
  7543 | D:9      | Found a staircase to the Lair.
  7565 | D:9      | Reached XP level 11. HP: 47/67 MP: 11/11
  7578 | D:9      | 7578 ||| FLEEEEING.
  7636 | D:9      | 7636 ||| Stepping ~*~*~tactically~*~*~ (stealth).
  7814 | D:9      | 7814 ||| Stepping ~*~*~tactically~*~*~ (stealth).
  7858 | D:9      | 7858 ||| UPGRADING to ring of see invisible.
  7859 | D:9      | 7859 ||| DROPPING ring of wizardry.
  7860 | D:9      | 7860 ||| READING 2 scrolls of identify.
  7860 | D:9      | 7860 ||| IDENTIFYING smoky emerald potion
  7898 | D:10     | Entered Level 10 of the Dungeon
  7906 | D:10     | 7906 ||| STAIRDANCE
  8013 | D:10     | Found a glowing silver altar of Zin.
  8013 | D:10     | Found a white marble altar of Elyvilon.
  8014 | D:10     | Found a glowing golden altar of the Shining One.
  8018 | D:10     | Found Toumoghi's Specific Store.
  8021 | D:10     | Found Hume's General Store.
  8027 | D:10     | 8027 ||| BUYING +0 pair of gloves (76 gold).
  8027 | D:10     | Bought a +0 pair of gloves for 76 gold pieces
  8027 | D:10     | 8027 ||| BUYING scroll of teleportation (51 gold).
  8027 | D:10     | Bought a scroll of teleportation for 51 gold pieces
  8031 | D:10     | 8031 ||| BUYING scroll of enchant armour (97 gold).
  8031 | D:10     | Bought a scroll of enchant armour for 97 gold pieces
  8031 | D:10     | 8031 ||| READING scroll of enchant armour.
  8031 | D:10     | 8031 ||| ENCHANTING +0 helmet.
  8150 | D:10     | Found a flagged portal.
  8330 | D:10     | Reached skill level 7 in Armour
  8685 | D:10     | 8685 ||| Stepping ~*~*~tactically~*~*~ (stealth).
  8690 | D:10     | 8690 ||| Stepping ~*~*~tactically~*~*~ (stealth).
  8691 | D:10     | 8691 ||| Stepping ~*~*~tactically~*~*~ (stealth).
  8810 | D:10     | 8810 ||| UPGRADING to +0 pair of gloves.
  8815 | D:10     | 8815 ||| READING scroll labelled MYS BUHESTA.
  9121 | D:11     | Noticed Urug
  9137 | D:11     | Killed Urug
  9235 | D:11     | Noticed a two-headed ogre
  9243 | D:11     | Killed a two-headed ogre
  9244 | D:11     | Reached skill level 3 in Throwing
  9266 | D:11     | Found a staircase to the Orcish Mines.
  9442 | D:11     | 9442 ||| PLANNING LAIR
  9442 | D:11     | 9442 ||| UPGRADING to +4 ring of protection.
  9443 | D:11     | 9443 ||| READING scroll labelled GEVAQE YJAONT.
  9444 | D:11     | 9444 ||| READING scroll labelled UXIAWK YHEO.
  9539 | Lair:1   | Entered Level 1 of the Lair of Beasts
  9544 | Lair:1   | 9544 ||| STAIRDANCE
  9549 | D:9      | Reached skill level 8 in Armour
  9555 | D:9      | Reached XP level 12. HP: 71/73 MP: 12/12
  9560 | Lair:1   | 9560 ||| STAIRDANCE
  9691 | Lair:1   | 9691 ||| Stepping ~*~*~tactically~*~*~ (stealth).
  9712 | Lair:1   | 9712 ||| FLEEEEING.
  9721 | Lair:1   | 9721 ||| Stepping ~*~*~tactically~*~*~ (stealth).
  9903 | Lair:1   | 9903 ||| Stepping ~*~*~tactically~*~*~ (stealth).
  9986 | Lair:1   | Reached skill level 9 in Fighting
 10006 | Lair:1   | 10006 ||| READING scroll of brand weapon.
 10006 | Lair:1   | 10006 ||| BRANDING +1 war axe of flaming.
 10275 | Lair:1   | 10275 ||| Stepping ~*~*~tactically~*~*~ (stealth).
 10562 | Lair:1   | 10562 ||| DROPPING +0 club.
 10563 | Lair:1   | 10563 ||| UPGRADING to +2 pair of boots.
 10573 | Lair:1   | 10573 ||| DROPPING +0 pair of boots.
 10574 | Lair:1   | 10574 ||| DROPPING ring of magical power.
 10625 | Lair:2   | 10625 ||| Stepping ~*~*~tactically~*~*~ (stealth).
 10644 | Lair:2   | Reached skill level 9 in Armour
 10709 | Lair:2   | Noticed a catoblepas
 10720 | Lair:2   | Killed a catoblepas
 10906 | Lair:2   | Reached skill level 12 in Axes
 10906 | Lair:2   | 10906 ||| Stepping ~*~*~tactically~*~*~ (stealth).
 10907 | Lair:2   | 10907 ||| Stepping ~*~*~tactically~*~*~ (stealth).
 10920 | Lair:2   | Reached XP level 13. HP: 77/80 MP: 13/13
 11016 | Lair:2   | 11016 ||| Stepping ~*~*~tactically~*~*~ (stealth).
 11096 | Lair:2   | Noticed Harold
 11110 | Lair:2   | Killed Harold
 11186 | Lair:2   | Noticed Sonja
 11187 | Lair:2   | 11187 ||| Stepping ~*~*~tactically~*~*~ (hiding).
 11188 | Lair:2   | 11188 ||| Stepping ~*~*~tactically~*~*~ (hiding).
 11198 | Lair:2   | Killed Sonja
 11202 | Lair:2   | Found a runed translucent door.
 11203 | Lair:2   | Found a shimmering altar of Xom.
 11203 | Lair:2   | Noticed qw's ghost (journeyman GrFi)
 11327 | Lair:2   | Found a staircase to the Shoals.
 11666 | Lair:2   | 11666 ||| DRINKING 2 sedimented orange potions.
 11667 | Lair:2   | 11667 ||| READING 4 scrolls of identify.
 11667 | Lair:2   | 11667 ||| IDENTIFYING clear potion
 11668 | Lair:2   | 11668 ||| READING 3 scrolls of identify.
 11668 | Lair:2   | 11668 ||| IDENTIFYING smoky white potion
 11669 | Lair:2   | 11669 ||| READING 2 scrolls of identify.
 11669 | Lair:2   | 11669 ||| IDENTIFYING inky potion
 11670 | Lair:2   | 11670 ||| DROPPING potion of invisibility.
 11678 | Lair:3   | 11678 ||| Stepping ~*~*~tactically~*~*~ (hiding).
 11884 | Lair:3   | Noticed Nergalle
 11896 | Lair:3   | Killed Nergalle
 11927 | Lair:3   | Found a staircase to the Snake Pit.
 11928 | Lair:3   | 11928 ||| Stepping ~*~*~tactically~*~*~ (hiding).
 11942 | Lair:3   | 11942 ||| Stepping ~*~*~tactically~*~*~ (hiding).
 11943 | Lair:3   | 11943 ||| Stepping ~*~*~tactically~*~*~ (hiding).
 12596 | Lair:4   | Reached skill level 10 in Armour
 12617 | Lair:4   | 12617 ||| READING scroll of enchant armour.
 12617 | Lair:4   | 12617 ||| ENCHANTING +0 pair of gloves.
 12636 | Lair:4   | Reached skill level 15 in Shields
 12828 | Lair:4   | 12828 ||| Stepping ~*~*~tactically~*~*~ (stealth).
 12829 | Lair:4   | 12829 ||| Stepping ~*~*~tactically~*~*~ (stealth).
 12990 | Lair:4   | 12990 ||| Stepping ~*~*~tactically~*~*~ (stealth).
 13260 | Lair:4   | 13260 ||| Stepping ~*~*~tactically~*~*~ (stealth).
 13261 | Lair:4   | 13261 ||| Stepping ~*~*~tactically~*~*~ (stealth).
 13469 | Lair:4   | 13469 ||| READING scroll labelled QOLAOGU OMOJO.
 13518 | Lair:5   | Entered Level 5 of the Lair of Beasts
 13522 | Lair:5   | 13522 ||| STAIRDANCE
 13540 | Lair:4   | Gained mutation: Your large and strong wings let you fly.
                  | [Gargoyle growth]
 13540 | Lair:4   | Reached XP level 14. HP: 69/88 MP: 14/14
 13540 | Lair:4   | 13540 ||| PLANNING OKAWARU WORSHIP
 13734 | D:3      | 13734 ||| PLANNING LAIR
 13749 | D:3      | 13749 ||| PLANNING OKAWARU WORSHIP
 13756 | D:3      | 13756 ||| PLANNING LAIR
 13756 | D:3      | 13756 ||| Stepping randomly (stuck).
 13757 | D:3      | 13757 ||| PLANNING OKAWARU WORSHIP
 13768 | D:3      | Became a worshipper of Warmaster Okawaru
 13769 | D:3      | 13769 ||| PLANNING LAIR
 13986 | Lair:5   | 13986 ||| SWAPPING to +0 mace.
 14008 | Lair:5   | HP: 20/88 [six-headed hydra (5)]
 14009 | Lair:5   | 14009 ||| READING 3 scrolls of teleportation.
 14010 | Lair:5   | 14010 ||| DRINKING potion of heal wounds.
 14012 | Lair:5   | 14012 ||| SWAPPING to +1 war axe of freezing.
 14073 | Lair:5   | Reached * piety under Okawaru
 14086 | Lair:5   | Reached skill level 1 in Invocations
 14132 | Lair:5   | 14132 ||| INVOKING Heroism.
 14174 | Lair:5   | Reached skill level 3 in Invocations
 14227 | Lair:5   | 14227 ||| INVOKING Heroism.
 14231 | Lair:5   | 14231 ||| SWAPPING to +0 mace.
 14237 | Lair:5   | Reached ** piety under Okawaru
 14238 | Lair:5   | 14238 ||| SWAPPING to +1 war axe of freezing.
 14262 | Lair:5   | 14262 ||| DROPPING +0 mace.
 14288 | Lair:5   | 14288 ||| FLEEEEING.
 14318 | Lair:5   | 14318 ||| Stepping ~*~*~tactically~*~*~ (stealth).
 14461 | Lair:5   | 14461 ||| INVOKING Heroism.
 14465 | Lair:5   | 14465 ||| Stepping ~*~*~tactically~*~*~ (stealth).
 14490 | Lair:5   | 14490 ||| INVOKING Heroism.
 14561 | Lair:5   | Found a staircase to the Slime Pits.
 14639 | Lair:5   | 14639 ||| Stepping ~*~*~tactically~*~*~ (stealth).
 14645 | Lair:5   | 14645 ||| Stepping ~*~*~tactically~*~*~ (stealth).
 14647 | Lair:5   | 14647 ||| Stepping ~*~*~tactically~*~*~ (stealth).
 14648 | Lair:5   | 14648 ||| Stepping ~*~*~tactically~*~*~ (stealth).
 14669 | Lair:5   | Reached skill level 11 in Armour
 14672 | Lair:5   | 14672 ||| INVOKING Heroism.
 14752 | Lair:5   | 14752 ||| INVOKING Heroism.
 14789 | Lair:5   | 14789 ||| INVOKING Heroism.
 14810 | Lair:5   | 14810 ||| DROPPING +0 flail of venom.
 14821 | Lair:5   | Identified the +4 long sword "Uhuisso" {holy, rF++ Will-
                  | Dex+2 SInv}
 15066 | Lair:5   | 15066 ||| PLANNING D
 15245 | D:12     | 15245 ||| Stepping ~*~*~tactically~*~*~ (hiding).
 15247 | D:12     | 15247 ||| INVOKING Heroism.
 15256 | D:12     | 15256 ||| READING 2 scrolls of teleportation.
 15298 | D:12     | 15298 ||| Stepping ~*~*~tactically~*~*~ (stealth).
 15299 | D:12     | 15299 ||| Stepping ~*~*~tactically~*~*~ (stealth).
 15300 | D:12     | 15300 ||| Stepping ~*~*~tactically~*~*~ (stealth).
 15302 | D:12     | 15302 ||| Stepping ~*~*~tactically~*~*~ (stealth).
 15319 | D:12     | 15319 ||| INVOKING Heroism.
 15357 | D:12     | Identified the +1 dagger of Kismet {drain, *Slow Fly rC++
                  | SInv}
 15642 | D:12     | 15642 ||| DROPPING amulet of magic regeneration.
 15656 | D:12     | Reached *** piety under Okawaru
 15680 | D:12     | 15680 ||| READING scroll labelled QIOSMUPRAL.
 15865 | D:12     | 15865 ||| INVOKING Heroism.
 15866 | D:12     | 15866 ||| SWAPPING to +2 flail of holy wrath.
 15880 | D:12     | 15880 ||| SWAPPING to +2 war axe of freezing.
 15991 | D:12     | Reached XP level 15. HP: 90/95 MP: 18/18
 15998 | D:12     | 15998 ||| READING scroll of enchant armour.
 15998 | D:12     | 15998 ||| ENCHANTING +1 pair of gloves.
 16029 | D:12     | Found a frozen archway.
 16250 | D:12     | Identified the ring of Ytuycs {rF+ Dex+3 SInv}
 16440 | D:12     | Reached skill level 15 in Axes
 16699 | D:12     | 16699 ||| UPGRADING to ring of Ytuycs {rF+ Dex+3 SInv}.
 16701 | D:12     | 16701 ||| DROPPING ring of see invisible.
 16754 | D:13     | 16754 ||| Stepping ~*~*~tactically~*~*~ (hiding).
 16759 | D:13     | 16759 ||| INVOKING Heroism.
 16777 | D:13     | 16777 ||| Stepping ~*~*~tactically~*~*~ (hiding).
 16779 | D:13     | 16779 ||| Stepping ~*~*~tactically~*~*~ (hiding).
 16837 | D:13     | 16837 ||| INVOKING Heroism.
 16842 | D:13     | Reached **** piety under Okawaru
 16843 | D:13     | Reached skill level 3 in Dodging
 16861 | D:13     | 16861 ||| INVOKING Heroism.
 16921 | D:13     | 16921 ||| Stepping ~*~*~tactically~*~*~ (hiding).
 16941 | D:13     | 16941 ||| INVOKING Heroism.
 17058 | D:13     | 17058 ||| Stepping ~*~*~tactically~*~*~ (hiding).
 17080 | D:13     | 17080 ||| Stepping ~*~*~tactically~*~*~ (hiding).
 17203 | D:13     | 17203 ||| INVOKING Heroism.
 17225 | D:13     | 17225 ||| Stepping ~*~*~tactically~*~*~ (stealth).
 17231 | D:13     | 17231 ||| Stepping ~*~*~tactically~*~*~ (stealth).
 17281 | D:13     | You are sucked into a shaft and drop 2 floors!
 17281 | D:15     | Entered Level 15 of the Dungeon
 17283 | D:15     | Identified the +0 chain mail "Jimugat" {rN+ Str+3}
 17374 | D:15     | 17374 ||| Stepping ~*~*~tactically~*~*~ (hiding).
 17386 | D:15     | 17386 ||| INVOKING Heroism.
 17450 | D:15     | 17450 ||| DROPPING +0 chain mail "Jimugat" {rN+ Str+3}.
 17451 | D:15     | 17451 ||| READING 2 scrolls of identify.
 17451 | D:15     | 17451 ||| IDENTIFYING sedimented silvery potion
 17452 | D:15     | 17452 ||| DROPPING potion of berserk rage.
 17459 | D:15     | 17459 ||| Stepping ~*~*~tactically~*~*~ (hiding).
 17579 | D:13     | 17579 ||| FLEEEEING.
 17580 | D:13     | 17580 ||| FLEEEEING.
 17582 | D:13     | 17582 ||| FLEEEEING.
 17583 | D:13     | 17583 ||| FLEEEEING.
 17584 | D:13     | 17584 ||| FLEEEEING.
 17585 | D:13     | 17585 ||| FLEEEEING.
 17586 | D:13     | 17586 ||| FLEEEEING.
 17587 | D:13     | 17587 ||| FLEEEEING.
 17593 | D:13     | 17593 ||| Stepping ~*~*~tactically~*~*~ (hiding).
 17595 | D:13     | 17595 ||| Stepping ~*~*~tactically~*~*~ (hiding).
 17596 | D:13     | 17596 ||| Stepping ~*~*~tactically~*~*~ (hiding).
 17597 | D:13     | 17597 ||| Stepping ~*~*~tactically~*~*~ (hiding).
 17779 | D:13     | Found Zepna's Weapon Boutique.
 17789 | D:13     | 17789 ||| Stepping ~*~*~tactically~*~*~ (hiding).
 17960 | D:14     | 17960 ||| DROPPING +2 flail of holy wrath.
 17961 | D:14     | 17961 ||| DROPPING +0 flail of draining.
 18011 | D:14     | Reached skill level 6 in Invocations
 18060 | D:14     | Found a gate to the Vaults.
 18061 | D:14     | 18061 ||| Stepping ~*~*~tactically~*~*~ (hiding).
 18073 | D:14     | 18073 ||| INVOKING Heroism.
 18077 | D:14     | Received a gift from Okawaru
 18079 | D:14     | Reached skill level 12 in Fighting
 18098 | D:14     | 18098 ||| INVOKING Heroism.
 18099 | D:14     | 18099 ||| SWAPPING to +1 morningstar of protection.
 18105 | D:14     | 18105 ||| SWAPPING to +2 war axe of freezing.
 18337 | D:14     | 18337 ||| Stepping ~*~*~tactically~*~*~ (hiding).
 18338 | D:14     | 18338 ||| Stepping ~*~*~tactically~*~*~ (hiding).
 18350 | D:14     | Received a gift from Okawaru
 18350 | D:14     | Reached ***** piety under Okawaru
 18694 | D:14     | 18694 ||| INVOKING Heroism.
 18701 | D:14     | Received a gift from Okawaru
 18951 | D:15     | 18951 ||| FLEEEEING.
 18952 | D:15     | 18952 ||| STAIRDANCE
 19028 | D:15     | 19028 ||| Stepping ~*~*~tactically~*~*~ (hiding).
 19052 | D:15     | Received a gift from Okawaru
 19078 | D:15     | 19078 ||| INVOKING Heroism.
 19079 | D:15     | 19079 ||| READING scroll of teleportation.
 19087 | D:15     | 19087 ||| Stepping ~*~*~tactically~*~*~ (hiding).
 19453 | D:15     | 19453 ||| PLANNING ORC
 19544 | Orc:1    | Entered Level 1 of the Orcish Mines
 19568 | Orc:1    | Reached XP level 16. HP: 91/101 MP: 22/22
 19603 | Orc:1    | 19603 ||| SWAPPING to +0 broad axe.
 19604 | Orc:1    | 19604 ||| DROPPING +2 war axe of freezing.
 19605 | Orc:1    | 19605 ||| DROPPING +3 war axe.
 19704 | Orc:2    | Entered Level 2 of the Orcish Mines
 19704 | Orc:2    | Found a staircase to the Elven Halls.
 19725 | Orc:2    | Found Baganguupn's Jewellery Emporium.
 19742 | Orc:2    | 19742 ||| BUYING +6 ring of dexterity (612 gold).
 19742 | Orc:2    | Bought a +6 ring of dexterity for 612 gold pieces
 19742 | Orc:2    | 19742 ||| SHOPLISTING ring of Gien {rN+ Will++ Slay+3 SInv}
                  | (897 gold, have 761).
 19782 | Orc:2    | 19782 ||| Stepping ~*~*~tactically~*~*~ (hiding).
 19785 | Orc:2    | 19785 ||| Stepping ~*~*~tactically~*~*~ (hiding).
 19786 | Orc:2    | 19786 ||| Stepping ~*~*~tactically~*~*~ (hiding).
 19787 | Orc:2    | 19787 ||| INVOKING Heroism.
 19840 | Orc:2    | 19840 ||| Stepping ~*~*~tactically~*~*~ (hiding).
 19842 | Orc:2    | 19842 ||| Stepping ~*~*~tactically~*~*~ (hiding).
 19851 | Orc:2    | 19851 ||| Stepping ~*~*~tactically~*~*~ (hiding).
 19859 | Orc:2    | Reached skill level 9 in Invocations
 19906 | Orc:1    | 19906 ||| INVOKING Heroism.
 19922 | Orc:1    | Noticed Fannar
 19961 | Orc:1    | 19961 ||| Stepping ~*~*~tactically~*~*~ (hiding).
 19962 | Orc:1    | 19962 ||| Stepping ~*~*~tactically~*~*~ (hiding).
 19965 | Orc:1    | Killed Fannar
 20151 | Orc:1    | Found a shimmering blue altar of Sif Muna.
 20196 | Orc:2    | 20196 ||| Stepping ~*~*~tactically~*~*~ (hiding).
 20197 | Orc:2    | 20197 ||| INVOKING Heroism.
 20271 | Orc:2    | 20271 ||| Stepping ~*~*~tactically~*~*~ (hiding).
 20370 | Orc:2    | 20370 ||| Stepping ~*~*~tactically~*~*~ (stealth).
 20372 | Orc:2    | 20372 ||| Stepping ~*~*~tactically~*~*~ (stealth).
 20373 | Orc:2    | 20373 ||| Stepping ~*~*~tactically~*~*~ (stealth).
 20451 | Orc:2    | 20451 ||| Stepping ~*~*~tactically~*~*~ (stealth).
 20650 | Orc:2    | Found Kotset's Magic Scroll Boutique.
 20658 | Orc:2    | 20658 ||| BUYING scroll of brand weapon (114 gold).
 20658 | Orc:2    | Bought a scroll of brand weapon for 114 gold pieces
 20658 | Orc:2    | 20658 ||| BUYING scroll of enchant armour (90 gold).
 20658 | Orc:2    | Bought a scroll of enchant armour for 90 gold pieces
 20658 | Orc:2    | 20658 ||| BUYING scroll of identify (24 gold).
 20658 | Orc:2    | Bought a scroll of identify for 24 gold pieces
 20658 | Orc:2    | 20658 ||| BUYING scroll of identify (24 gold).
 20658 | Orc:2    | Bought a scroll of identify for 24 gold pieces
 20658 | Orc:2    | 20658 ||| BUYING scroll of teleportation (36 gold).
 20658 | Orc:2    | Bought a scroll of teleportation for 36 gold pieces
 20658 | Orc:2    | 20658 ||| READING scroll of brand weapon.
 20658 | Orc:2    | 20658 ||| BRANDING +0 broad axe.
 20659 | Orc:2    | 20659 ||| READING scroll of enchant armour.
 20659 | Orc:2    | 20659 ||| ENCHANTING +1 helmet.
 20724 | Orc:2    | Found Asaisisear's Antique Armour Shop.
 20729 | Orc:2    | 20729 ||| BUYING embroidered cloak (300 gold).
 20729 | Orc:2    | Bought an embroidered cloak for 300 gold pieces
 20783 | Orc:2    | 20783 ||| INVOKING Heroism.
 20788 | Orc:2    | 20788 ||| Stepping ~*~*~tactically~*~*~ (stealth).
 20796 | Orc:2    | Received a gift from Okawaru
 20824 | Orc:2    | 20824 ||| INVOKING Heroism.
 20843 | Orc:2    | 20843 ||| INVOKING Heroism.
 20869 | Orc:2    | 20869 ||| INVOKING Heroism.
 20926 | Orc:2    | Found Acoong's Antique Armour Boutique.
 20928 | Orc:2    | Found Nihusen's Antique Weapon Shop.
 20935 | Orc:2    | 20935 ||| SHOPLISTING acid dragon scales (1000 gold, have
                  | 715).
 20981 | Orc:2    | 20981 ||| Stepping ~*~*~tactically~*~*~ (hiding).
 20994 | Orc:2    | 20994 ||| PLANNING SHOALS:1-3
 20994 | Orc:2    | 20994 ||| UPGRADING to +0 cloak of willpower.
 21004 | Orc:2    | 21004 ||| DROPPING +0 cloak.
 21163 | Shoals:1 | Entered Level 1 of the Shoals
 21213 | Shoals:1 | 21213 ||| INVOKING Heroism.
 21290 | Shoals:1 | 21290 ||| Stepping ~*~*~tactically~*~*~ (hiding).
 21291 | Shoals:1 | 21291 ||| Stepping ~*~*~tactically~*~*~ (hiding).
 21343 | Shoals:1 | 21343 ||| Stepping ~*~*~tactically~*~*~ (stealth).
 21524 | Shoals:1 | 21524 ||| Stepping ~*~*~tactically~*~*~ (hiding).
 21527 | Shoals:1 | 21527 ||| Stepping ~*~*~tactically~*~*~ (hiding).
 21557 | Shoals:1 | Noticed Mlioglotl
 21558 | Shoals:1 | 21558 ||| Stepping ~*~*~tactically~*~*~ (hiding).
 21559 | Shoals:1 | 21559 ||| Stepping ~*~*~tactically~*~*~ (hiding).
 21560 | Shoals:1 | 21560 ||| INVOKING Heroism.
 21561 | Shoals:1 | 21561 ||| INVOKING Finesse.
 21562 | Shoals:1 | Noticed a tentacled starspawn
 21572 | Shoals:1 | Killed Mlioglotl
 21768 | Shoals:1 | 21768 ||| Stepping ~*~*~tactically~*~*~ (hiding).
 21782 | Shoals:1 | Reached skill level 12 in Armour
 21786 | Shoals:1 | 21786 ||| INVOKING Heroism.
 21963 | Shoals:1 | 21963 ||| INVOKING Heroism.
 22242 | Shoals:1 | 22242 ||| READING scroll of enchant weapon.
 22242 | Shoals:1 | 22242 ||| ENCHANTING +0 broad axe of protection.
 22302 | Shoals:1 | 22302 ||| INVOKING Heroism.
 22579 | Shoals:2 | 22579 ||| Stepping ~*~*~tactically~*~*~ (hiding).
 22700 | Shoals:2 | 22700 ||| INVOKING Heroism.
 22701 | Shoals:2 | 22701 ||| INVOKING Finesse.
 22798 | Shoals:2 | 22798 ||| INVOKING Heroism.
 22814 | Shoals:2 | 22814 ||| INVOKING Heroism.
 22977 | Shoals:2 | 22977 ||| INVOKING Heroism.
 23094 | Shoals:2 | 23094 ||| INVOKING Heroism.
 23095 | Shoals:2 | 23095 ||| INVOKING Finesse.
 23336 | Shoals:2 | Found a runed translucent door.
 23399 | Shoals:2 | Reached XP level 17. HP: 106/106 MP: 24/24
 23683 | Shoals:2 | Noticed qw's ghost (adept DEHu)
 23689 | Shoals:2 | 23689 ||| READING scroll labelled QIKHLI ZYAL.
 23739 | Shoals:3 | 23739 ||| FLEEEEING.
 23740 | Shoals:3 | 23740 ||| FLEEEEING.
 23741 | Shoals:3 | 23741 ||| FLEEEEING.
 23742 | Shoals:3 | 23742 ||| FLEEEEING.
 23743 | Shoals:3 | 23743 ||| FLEEEEING.
 23744 | Shoals:3 | 23744 ||| INVOKING Heroism.
 23745 | Shoals:3 | 23745 ||| INVOKING Finesse.
 23765 | Shoals:3 | Received a gift from Okawaru
 23818 | Shoals:3 | Found Qiureni's Armour Emporium.
 23869 | Shoals:3 | 23869 ||| BUYING +3 plate armour of willpower (540 gold).
 23869 | Shoals:3 | Bought a +3 plate armour of willpower for 540 gold pieces
 23877 | Shoals:3 | Found Eqawn's Book Shoppe.
 23904 | Shoals:3 | Noticed Nikola
 23905 | Shoals:3 | 23905 ||| INVOKING Heroism.
 23906 | Shoals:3 | 23906 ||| INVOKING Finesse.
 23931 | Shoals:3 | Killed Nikola
 23991 | Shoals:3 | Received a gift from Okawaru
 24008 | Shoals:3 | 24008 ||| INVOKING Heroism.
 24183 | Shoals:3 | Found Otutaeg's Distillery.
 24194 | Shoals:3 | 24194 ||| BUYING 2 potions of curing (102 gold).
 24194 | Shoals:3 | Bought 2 potions of curing for 102 gold pieces
 24194 | Shoals:3 | 24194 ||| BUYING potion of cancellation (136 gold).
 24194 | Shoals:3 | Bought a potion of cancellation for 136 gold pieces
 24194 | Shoals:3 | 24194 ||| BUYING potion of curing (51 gold).
 24194 | Shoals:3 | Bought a potion of curing for 51 gold pieces
 24194 | Shoals:3 | 24194 ||| BUYING potion of curing (51 gold).
 24194 | Shoals:3 | Bought a potion of curing for 51 gold pieces
 24194 | Shoals:3 | 24194 ||| BUYING potion of curing (51 gold).
 24194 | Shoals:3 | Bought a potion of curing for 51 gold pieces
 24194 | Shoals:3 | 24194 ||| BUYING potion of lignification (51 gold).
 24194 | Shoals:3 | Bought a potion of lignification for 51 gold pieces
 24194 | Shoals:3 | 24194 ||| SHOPLISTING potion of magic (136 gold, have 30).
 24194 | Shoals:3 | 24194 ||| SHOPLISTING potion of mutation (136 gold, have
                  | 30).
 24265 | Shoals:3 | Found Ylimirut's Antique Armour Shop.
 24275 | Shoals:3 | 24275 ||| SHOPLISTING pair of dazzling gloves (237 gold,
                  | have 48).
 24555 | Shoals:3 | 24555 ||| INVOKING Heroism.
 24558 | Shoals:3 | Reached skill level 6 in Throwing
 24887 | Shoals:3 | 24887 ||| PLANNING SNAKE:1-3
 24887 | Shoals:3 | 24887 ||| UPGRADING to +3 plate armour of willpower.
 24897 | Shoals:3 | 24897 ||| DROPPING +0 plate armour.
 24960 | Shoals:1 | 24960 ||| INVOKING Heroism.
 25030 | Snake:1  | Entered Level 1 of the Snake Pit
 25068 | Snake:1  | 25068 ||| Stepping ~*~*~tactically~*~*~ (hiding).
 25070 | Snake:1  | 25070 ||| Stepping ~*~*~tactically~*~*~ (hiding).
 25169 | Snake:1  | 25169 ||| Stepping ~*~*~tactically~*~*~ (hiding).
 25171 | Snake:1  | 25171 ||| Stepping ~*~*~tactically~*~*~ (hiding).
 25197 | Snake:1  | 25197 ||| Stepping ~*~*~tactically~*~*~ (hiding).
 25198 | Snake:1  | 25198 ||| Stepping ~*~*~tactically~*~*~ (hiding).
 25200 | Snake:1  | 25200 ||| Stepping ~*~*~tactically~*~*~ (hiding).
 25201 | Snake:1  | 25201 ||| Stepping ~*~*~tactically~*~*~ (hiding).
 25395 | Snake:1  | 25395 ||| INVOKING Heroism.
 25450 | Snake:1  | 25450 ||| Stepping ~*~*~tactically~*~*~ (hiding).
 25451 | Snake:1  | 25451 ||| Stepping ~*~*~tactically~*~*~ (hiding).
 25507 | Snake:1  | 25507 ||| READING scroll of enchant weapon.
 25507 | Snake:1  | 25507 ||| ENCHANTING +1 broad axe of protection.
 25594 | Snake:1  | 25594 ||| READING scroll of enchant weapon.
 25594 | Snake:1  | 25594 ||| ENCHANTING +2 broad axe of protection.
 25611 | Snake:1  | 25611 ||| Stepping ~*~*~tactically~*~*~ (hiding).
 25613 | Snake:1  | 25613 ||| Stepping ~*~*~tactically~*~*~ (hiding).
 25690 | Snake:1  | 25690 ||| Stepping ~*~*~tactically~*~*~ (hiding).
 25830 | Snake:1  | 25830 ||| Stepping ~*~*~tactically~*~*~ (hiding).
 25833 | Snake:1  | 25833 ||| Stepping ~*~*~tactically~*~*~ (hiding).
 25917 | Snake:2  | 25917 ||| Stepping ~*~*~tactically~*~*~ (hiding).
 25973 | Snake:2  | Reached skill level 13 in Armour
 25989 | Snake:2  | 25989 ||| Stepping ~*~*~tactically~*~*~ (hiding).
 25994 | Snake:2  | 25994 ||| Stepping ~*~*~tactically~*~*~ (hiding).
 26044 | Snake:2  | Found a shimmering altar of Xom.
 26079 | Snake:2  | 26079 ||| INVOKING Heroism.
 26121 | Snake:2  | 26121 ||| Stepping ~*~*~tactically~*~*~ (hiding).
 26124 | Snake:2  | 26124 ||| Stepping ~*~*~tactically~*~*~ (hiding).
 26144 | Snake:2  | Received a gift from Okawaru
 26150 | Snake:2  | 26150 ||| Stepping ~*~*~tactically~*~*~ (hiding).
 26268 | Snake:2  | 26268 ||| FLEEEEING.
 26269 | Snake:2  | 26269 ||| FLEEEEING.
 26270 | Snake:2  | 26270 ||| FLEEEEING.
 26271 | Snake:2  | 26271 ||| FLEEEEING.
 26272 | Snake:2  | 26272 ||| FLEEEEING.
 26273 | Snake:2  | 26273 ||| FLEEEEING.
 26274 | Snake:2  | 26274 ||| FLEEEEING.
 26275 | Snake:2  | 26275 ||| FLEEEEING.
 26276 | Snake:2  | 26276 ||| FLEEEEING.
 26277 | Snake:2  | 26277 ||| FLEEEEING.
 26278 | Snake:2  | 26278 ||| FLEEEEING.
 26280 | Snake:2  | 26280 ||| FLEEEEING.
 26288 | Snake:2  | 26288 ||| FLEEEEING.
 26289 | Snake:2  | 26289 ||| FLEEEEING.
 26290 | Snake:2  | 26290 ||| FLEEEEING.
 26291 | Snake:2  | 26291 ||| FLEEEEING.
 26292 | Snake:2  | 26292 ||| FLEEEEING.
 26293 | Snake:2  | 26293 ||| FLEEEEING.
 26294 | Snake:2  | 26294 ||| FLEEEEING.
 26295 | Snake:2  | 26295 ||| FLEEEEING.
 26296 | Snake:2  | 26296 ||| FLEEEEING.
 26297 | Snake:2  | 26297 ||| STAIRDANCE
 26401 | Snake:2  | 26401 ||| INVOKING Heroism.
 26602 | Snake:2  | 26602 ||| Stepping ~*~*~tactically~*~*~ (hiding).
 26701 | Snake:2  | 26701 ||| Stepping ~*~*~tactically~*~*~ (stealth).
 26702 | Snake:2  | 26702 ||| Stepping ~*~*~tactically~*~*~ (stealth).
 26813 | Snake:3  | 26813 ||| INVOKING Heroism.
 26823 | Snake:3  | Received a gift from Okawaru
 26829 | Snake:3  | HP: 20/108 [nagaraja/+0 halberd (23)]
 26830 | Snake:3  | 26830 ||| READING 4 scrolls of teleportation.
 26831 | Snake:3  | 26831 ||| DRINKING potion of heal wounds.
 26925 | Snake:3  | 26925 ||| Stepping ~*~*~tactically~*~*~ (hiding).
 26970 | Snake:3  | 26970 ||| INVOKING Heroism.
 27161 | Snake:3  | Reached XP level 18. HP: 101/114 MP: 25/25
 27171 | Snake:3  | Reached skill level 18 in Axes
 27174 | Snake:3  | 27174 ||| DROPPING +1 morningstar of protection.
 27223 | Snake:3  | 27223 ||| Stepping ~*~*~tactically~*~*~ (hiding).
 27248 | Snake:3  | 27248 ||| Stepping ~*~*~tactically~*~*~ (stealth).
 27276 | Snake:3  | Received a gift from Okawaru
 27316 | Snake:3  | 27316 ||| Stepping ~*~*~tactically~*~*~ (hiding).
 27324 | Snake:3  | 27324 ||| Stepping ~*~*~tactically~*~*~ (stealth).
 27355 | Snake:3  | 27355 ||| Stepping ~*~*~tactically~*~*~ (hiding).
 27390 | Snake:3  | Found Posynyos's Book Emporium.
 27460 | Snake:3  | Found a large runed translucent door.
 27460 | Snake:3  | Found a large runed translucent door.
 27461 | Snake:3  | 27461 ||| Stepping ~*~*~tactically~*~*~ (hiding).
 27464 | Snake:3  | Noticed wjtupper's ghost (adept MiHu)
 27491 | Snake:3  | 27491 ||| Stepping ~*~*~tactically~*~*~ (hiding).
 27501 | Snake:3  | Received a gift from Okawaru
 27962 | Snake:3  | 27962 ||| Stepping ~*~*~tactically~*~*~ (hiding).
 27967 | Snake:3  | 27967 ||| INVOKING Heroism.
 28078 | Snake:3  | 28078 ||| PLANNING SHOALS:4
 28259 | Shoals:4 | Entered Level 4 of the Shoals
 28260 | Shoals:4 | 28260 ||| INVOKING Heroism.
 28302 | Shoals:4 | 28302 ||| INVOKING Finesse.
 28303 | Shoals:4 | 28303 ||| INVOKING Heroism.
 28328 | Shoals:4 | Noticed Polyphemus
 28343 | Shoals:4 | Received a gift from Okawaru
 28361 | Shoals:4 | Killed Polyphemus
 28396 | Shoals:4 | 28396 ||| Stepping ~*~*~tactically~*~*~ (hiding).
 28397 | Shoals:4 | 28397 ||| Stepping ~*~*~tactically~*~*~ (hiding).
 28398 | Shoals:4 | 28398 ||| Stepping ~*~*~tactically~*~*~ (hiding).
 28400 | Shoals:4 | 28400 ||| INVOKING Heroism.
 28405 | Shoals:4 | Reached skill level 18 in Shields
 28431 | Shoals:4 | 28431 ||| DROPPING +2 broad axe of venom.
 28449 | Shoals:4 | 28449 ||| INVOKING Heroism.
 28512 | Shoals:4 | 28512 ||| INVOKING Heroism.
 28550 | Shoals:4 | 28550 ||| INVOKING Finesse.
 28561 | Shoals:4 | 28561 ||| INVOKING Heroism.
 28618 | Shoals:4 | Got a barnacled rune of Zot
 28630 | Shoals:4 | 28630 ||| Stepping ~*~*~tactically~*~*~ (hiding).
 28632 | Shoals:4 | 28632 ||| Stepping ~*~*~tactically~*~*~ (hiding).
 28634 | Shoals:4 | 28634 ||| Stepping ~*~*~tactically~*~*~ (hiding).
 28635 | Shoals:4 | 28635 ||| INVOKING Heroism.
 28718 | Shoals:4 | 28718 ||| INVOKING Heroism.
 28737 | Shoals:4 | 28737 ||| INVOKING Heroism.
 28865 | Shoals:4 | Received a gift from Okawaru
 28905 | Shoals:4 | 28905 ||| INVOKING Heroism.
 28976 | Shoals:4 | 28976 ||| INVOKING Heroism.
 28978 | Shoals:4 | Identified the +1 scimitar of the Snake Pit {flame, +Blink}
 29021 | Shoals:4 | Reached skill level 14 in Armour
 29187 | Shoals:4 | 29187 ||| Stepping ~*~*~tactically~*~*~ (hiding).
 29188 | Shoals:4 | 29188 ||| INVOKING Heroism.
 29193 | Shoals:4 | 29193 ||| Stepping ~*~*~tactically~*~*~ (hiding).
 29487 | Shoals:4 | 29487 ||| Stepping ~*~*~tactically~*~*~ (hiding).
 29493 | Shoals:4 | 29493 ||| INVOKING Heroism.
 29511 | Shoals:4 | Received a gift from Okawaru
 29544 | Shoals:4 | Identified the +1 flail of Tithruhe {venom, Dex+3 SInv}
 29589 | Shoals:4 | 29589 ||| INVOKING Heroism.
 29613 | Shoals:4 | 29613 ||| INVOKING Heroism.
 29669 | Shoals:4 | 29669 ||| PLANNING VAULTS:1-4
 29958 | Vaults:1 | Entered Level 1 of the Vaults
 29996 | Vaults:1 | 29996 ||| INVOKING Heroism.
 30022 | Vaults:1 | Reached skill level 15 in Fighting
 30024 | Vaults:1 | 30024 ||| INVOKING Heroism.
 30053 | Vaults:1 | HP: 28/119 [deep troll[an ironbound preserver] (5)]
 30054 | Vaults:1 | 30054 ||| READING 4 scrolls of teleportation.
 30055 | Vaults:1 | 30055 ||| INVOKING Heroism.
 30056 | Vaults:1 | 30056 ||| DRINKING potion of heal wounds.
 30067 | Vaults:1 | Received a gift from Okawaru
 30492 | Vaults:1 | You are sucked into a shaft and drop 1 floor!
 30493 | Vaults:2 | 30493 ||| PLANNING WIZLAB
 30626 | Vaults:2 | Reached XP level 19. HP: 124/124 MP: 26/26
 30643 | Vaults:2 | 30643 ||| Stepping ~*~*~tactically~*~*~ (stealth).
 30652 | Vaults:2 | Found a magical portal.
 30653 | Vaults:2 | 30653 ||| UPGRADING to +4 plate armour of fire resistance.
 30670 | WizLab   | Entered Doroklohe's Tomb
 30696 | WizLab   | Reached skill level 15 in Armour
 30843 | Vaults:2 | 30843 ||| PLANNING VAULTS:1-4
 30933 | Vaults:2 | 30933 ||| Stepping ~*~*~tactically~*~*~ (stealth).
 30934 | Vaults:2 | 30934 ||| UPGRADING to +3 plate armour of willpower.
 30998 | Vaults:2 | 30998 ||| UPGRADING to +3 plate armour of willpower.
 31022 | Vaults:2 | 31022 ||| DRINKING 2 viscous green potions.
 31023 | Vaults:2 | 31023 ||| DRINKING 20 potions of curing.
 31023 | Vaults:2 | 31023 ||| (to cure confusion)
 31024 | Vaults:2 | 31024 ||| DROPPING potion of ambrosia.
 31095 | Vaults:1 | 31095 ||| Stepping ~*~*~tactically~*~*~ (hiding).
 31099 | Vaults:1 | 31099 ||| Stepping ~*~*~tactically~*~*~ (hiding).
 31103 | Vaults:1 | 31103 ||| Stepping ~*~*~tactically~*~*~ (hiding).
 31246 | Vaults:1 | Noticed a dread lich
 31250 | Vaults:1 | 31250 ||| INVOKING Heroism.
 31258 | Vaults:1 | Noticed a Tzitzimitl
 31270 | Vaults:1 | Killed a dread lich
 31336 | Vaults:1 | 31336 ||| INVOKING Finesse.
 31338 | Vaults:1 | 31338 ||| INVOKING Heroism.
 31353 | Vaults:1 | Reached skill level 9 in Throwing
 31440 | Vaults:1 | 31440 ||| INVOKING Heroism.
 31469 | Vaults:1 | 31469 ||| Stepping ~*~*~tactically~*~*~ (hiding).
 31488 | Vaults:1 | 31488 ||| Stepping ~*~*~tactically~*~*~ (stealth).
 31493 | Vaults:1 | 31493 ||| Stepping ~*~*~tactically~*~*~ (hiding).
 31494 | Vaults:1 | 31494 ||| Stepping ~*~*~tactically~*~*~ (hiding).
 31606 | Vaults:1 | 31606 ||| Stepping ~*~*~tactically~*~*~ (hiding).
 31630 | Vaults:1 | 31630 ||| INVOKING Heroism.
 31977 | Vaults:1 | 31977 ||| UPGRADING to +4 plate armour of willpower.
 31987 | Vaults:1 | 31987 ||| DROPPING +3 plate armour of willpower.
 32109 | Vaults:2 | 32109 ||| Stepping ~*~*~tactically~*~*~ (hiding).
 32111 | Vaults:2 | 32111 ||| Stepping ~*~*~tactically~*~*~ (hiding).
 32238 | Vaults:2 | Received a gift from Okawaru
 32314 | Vaults:2 | 32314 ||| Stepping ~*~*~tactically~*~*~ (hiding).
 32357 | Vaults:2 | Received a gift from Okawaru
 32391 | Vaults:2 | 32391 ||| Stepping ~*~*~tactically~*~*~ (hiding).
 32392 | Vaults:2 | 32392 ||| Stepping ~*~*~tactically~*~*~ (hiding).
 32395 | Vaults:2 | 32395 ||| INVOKING Heroism.
 32396 | Vaults:2 | 32396 ||| INVOKING Finesse.
 32543 | Vaults:2 | 32543 ||| Stepping ~*~*~tactically~*~*~ (hiding).
 32545 | Vaults:2 | 32545 ||| Stepping ~*~*~tactically~*~*~ (hiding).
 32546 | Vaults:2 | 32546 ||| Stepping ~*~*~tactically~*~*~ (hiding).
 32581 | Vaults:2 | Noticed Margery
 32582 | Vaults:2 | 32582 ||| Stepping ~*~*~tactically~*~*~ (hiding).
 32584 | Vaults:2 | 32584 ||| Stepping ~*~*~tactically~*~*~ (hiding).
 32585 | Vaults:2 | 32585 ||| Stepping ~*~*~tactically~*~*~ (hiding).
 32586 | Vaults:2 | 32586 ||| Stepping ~*~*~tactically~*~*~ (hiding).
 32587 | Vaults:2 | 32587 ||| DRINKING 3 potions of resistance.
 32604 | Vaults:2 | Killed Margery
 32723 | Vaults:2 | Received a gift from Okawaru
 32997 | Vaults:2 | 32997 ||| Stepping ~*~*~tactically~*~*~ (hiding).
 33019 | Vaults:2 | Reached skill level 16 in Armour
 33095 | Vaults:2 | 33095 ||| Stepping ~*~*~tactically~*~*~ (stealth).
 33096 | Vaults:2 | 33096 ||| Stepping ~*~*~tactically~*~*~ (stealth).
 33124 | Vaults:2 | 33124 ||| UPGRADING to amulet of reflection.
 33134 | Vaults:2 | 33134 ||| DROPPING amulet of regeneration.
 33169 | Vaults:3 | 33169 ||| INVOKING Heroism.
 33170 | Vaults:3 | 33170 ||| INVOKING Finesse.
 33228 | Vaults:3 | 33228 ||| INVOKING Heroism.
 33256 | Vaults:3 | Noticed Bai Suzhen
 33257 | Vaults:3 | 33257 ||| INVOKING Finesse.
 33262 | Vaults:3 | Killed Bai Suzhen
 33262 | Vaults:3 | Received a gift from Okawaru
 33263 | Vaults:3 | Reached XP level 20. HP: 132/132 MP: 21/27
 33493 | Vaults:3 | 33493 ||| INVOKING Heroism.
 33752 | Vaults:3 | 33752 ||| INVOKING Heroism.
 33753 | Vaults:3 | 33753 ||| INVOKING Finesse.
 33757 | Vaults:3 | Received a gift from Okawaru
 33799 | Vaults:3 | 33799 ||| Stepping ~*~*~tactically~*~*~ (stealth).
 33805 | Vaults:3 | 33805 ||| Stepping ~*~*~tactically~*~*~ (stealth).
 33808 | Vaults:3 | 33808 ||| INVOKING Heroism.
 34028 | Vaults:3 | 34028 ||| Stepping ~*~*~tactically~*~*~ (hiding).
 34032 | Vaults:3 | 34032 ||| INVOKING Heroism.
 34051 | Vaults:3 | 34051 ||| INVOKING Heroism.
 34094 | Vaults:3 | Reached skill level 17 in Armour
 34136 | Vaults:3 | 34136 ||| Stepping ~*~*~tactically~*~*~ (stealth).
 34382 | Vaults:3 | Received a gift from Okawaru
 34437 | Vaults:3 | Found a staircase to the Crypt.
 34452 | Vaults:3 | 34452 ||| Stepping ~*~*~tactically~*~*~ (hiding).
 34490 | Vaults:3 | Found Elephiob's Jewellery Shoppe.
 34498 | Vaults:3 | 34498 ||| BUYING ring of protection from cold (375 gold).
 34498 | Vaults:3 | Bought a ring of protection from cold for 375 gold pieces
 34498 | Vaults:3 | 34498 ||| SHOPLISTING ring of protection from cold (375
                  | gold, have 200).
 34499 | Vaults:3 | Identified the +5 ring mail of the Other Side {*Slow rF+
                  | Str+6}
 34601 | Vaults:3 | 34601 ||| Stepping ~*~*~tactically~*~*~ (hiding).
 34731 | Vaults:3 | 34731 ||| Stepping ~*~*~tactically~*~*~ (hiding).
 34766 | Vaults:3 | 34766 ||| Stepping ~*~*~tactically~*~*~ (stealth).
 34902 | Vaults:3 | Found the +9 scales of the Dragon King {rPois rF+ rC+
                  | Will+}
 35086 | Vaults:3 | 35086 ||| DROPPING +1 plate armour of cold resistance.
 35087 | Vaults:3 | 35087 ||| DROPPING +4 plate armour of fire resistance.
 35088 | Vaults:3 | 35088 ||| UPGRADING to +9 scales of the Dragon King {rPois
                  | rF+ rC+ Will+}.
 35098 | Vaults:3 | 35098 ||| DROPPING +4 plate armour of willpower.
 35099 | Vaults:3 | 35099 ||| DROPPING +6 ring of dexterity.
 35100 | Vaults:3 | 35100 ||| UPGRADING to +5 ring of evasion.
 35250 | Vaults:4 | 35250 ||| INVOKING Heroism.
 35480 | Vaults:4 | 35480 ||| FLEEEEING.
 35481 | Vaults:4 | 35481 ||| FLEEEEING.
 35482 | Vaults:4 | 35482 ||| FLEEEEING.
 35483 | Vaults:4 | 35483 ||| FLEEEEING.
 35484 | Vaults:4 | 35484 ||| FLEEEEING.
 35485 | Vaults:4 | 35485 ||| FLEEEEING.
 35486 | Vaults:4 | 35486 ||| FLEEEEING.
 35487 | Vaults:4 | 35487 ||| FLEEEEING.
 35488 | Vaults:4 | 35488 ||| FLEEEEING.
 35489 | Vaults:4 | 35489 ||| FLEEEEING.
 35617 | Vaults:4 | 35617 ||| Stepping ~*~*~tactically~*~*~ (hiding).
 35749 | Vaults:4 | 35749 ||| READING scroll of enchant armour.
 35749 | Vaults:4 | 35749 ||| ENCHANTING +0 cloak of willpower.
 35828 | Vaults:4 | Received a gift from Okawaru
 35835 | Vaults:4 | Reached skill level 18 in Armour
 36016 | Vaults:4 | Found Hetirani's Magic Scroll Shoppe.
 36050 | Vaults:4 | Received a gift from Okawaru
 36105 | Vaults:4 | 36105 ||| BUYING scroll of enchant armour (112 gold).
 36105 | Vaults:4 | Bought a scroll of enchant armour for 112 gold pieces
 36105 | Vaults:4 | 36105 ||| BUYING scroll of teleportation (45 gold).
 36105 | Vaults:4 | Bought a scroll of teleportation for 45 gold pieces
 36105 | Vaults:4 | 36105 ||| BUYING scroll of teleportation (45 gold).
 36105 | Vaults:4 | Bought a scroll of teleportation for 45 gold pieces
 36105 | Vaults:4 | 36105 ||| BUYING scroll of teleportation (45 gold).
 36105 | Vaults:4 | Bought a scroll of teleportation for 45 gold pieces
 36105 | Vaults:4 | 36105 ||| READING scroll of enchant armour.
 36105 | Vaults:4 | 36105 ||| ENCHANTING +1 cloak of willpower.
 36202 | Vaults:4 | 36202 ||| Stepping ~*~*~tactically~*~*~ (hiding).
 36220 | Vaults:4 | 36220 ||| INVOKING Heroism.
 36230 | Vaults:4 | Received a gift from Okawaru
 36510 | Vaults:4 | 36510 ||| INVOKING Heroism.
 36511 | Vaults:4 | 36511 ||| INVOKING Finesse.
 36661 | Vaults:4 | Found Buab's Weapon Shoppe.
 36669 | Vaults:4 | 36669 ||| SHOPLISTING +8 broad axe "Demonbane" {heavy,
                  | +Blink rPois rN+} (1392 gold, have 148).
 36737 | Vaults:4 | 36737 ||| PLANNING SNAKE:4
 37211 | Snake:4  | Entered Level 4 of the Snake Pit
 37236 | Snake:4  | Reached skill level 19 in Armour
 37333 | Snake:4  | 37333 ||| Stepping ~*~*~tactically~*~*~ (hiding).
 37508 | Snake:4  | Reached XP level 21. HP: 139/139 MP: 28/28
 37691 | Snake:4  | 37691 ||| Stepping ~*~*~tactically~*~*~ (hiding).
 37827 | Snake:4  | 37827 ||| Stepping ~*~*~tactically~*~*~ (hiding).
 37840 | Snake:4  | 37840 ||| Stepping ~*~*~tactically~*~*~ (hiding).
 37959 | Snake:4  | Found a stormy altar of Qazlal.
 38025 | Snake:4  | 38025 ||| INVOKING Heroism.
 38036 | Snake:4  | Received a gift from Okawaru
 38179 | Snake:4  | 38179 ||| INVOKING Heroism.
 38214 | Snake:4  | 38214 ||| INVOKING Heroism.
 38247 | Snake:4  | 38247 ||| INVOKING Heroism.
 38419 | Snake:4  | 38419 ||| Stepping ~*~*~tactically~*~*~ (hiding).
 38443 | Snake:4  | 38443 ||| INVOKING Heroism.
 38459 | Snake:4  | Reached skill level 18 in Fighting
 38544 | Snake:4  | 38544 ||| Stepping ~*~*~tactically~*~*~ (stealth).
 38550 | Snake:4  | 38550 ||| Stepping ~*~*~tactically~*~*~ (stealth).
 38634 | Snake:4  | Got a serpentine rune of Zot
 38662 | Snake:4  | 38662 ||| Stepping ~*~*~tactically~*~*~ (hiding).
 38663 | Snake:4  | 38663 ||| Stepping ~*~*~tactically~*~*~ (hiding).
 38668 | Snake:4  | 38668 ||| Stepping ~*~*~tactically~*~*~ (hiding).
 38787 | Snake:4  | 38787 ||| PLANNING DEPTHS
 38787 | Snake:4  | 38787 ||| PLANNING D
 38787 | Snake:4  | 38787 ||| UPGRADING to +0 tower shield of protection.
 38797 | Snake:4  | 38797 ||| DROPPING +0 tower shield.
 38798 | Snake:4  | 38798 ||| UPGRADING to +2 tower shield of cold resistance.
 38808 | Snake:4  | 38808 ||| READING scroll labelled FOSSISM OTIKA.
 39214 | D:15     | 39214 ||| PLANNING DEPTHS
 39216 | D:14     | 39216 ||| PLANNING D
 39216 | D:14     | 39216 ||| PLANNING DEPTHS
 39280 | D:13     | 39280 ||| PLANNING D
 39331 | D:15     | 39331 ||| INVOKING Heroism.
 39378 | D:15     | Found a staircase to the Depths.
 39392 | D:15     | 39392 ||| PLANNING DEPTHS
 39395 | Depths:1 | Entered Level 1 of the Depths
 39407 | Depths:1 | 39407 ||| INVOKING Heroism.
 39408 | Depths:1 | 39408 ||| INVOKING Finesse.
 39584 | Depths:1 | 39584 ||| FLEEEEING.
 39585 | Depths:1 | 39585 ||| FLEEEEING.
 39586 | Depths:1 | 39586 ||| FLEEEEING.
 39587 | Depths:1 | 39587 ||| STAIRDANCE
 39655 | Depths:1 | 39655 ||| INVOKING Heroism.
 39656 | Depths:1 | 39656 ||| INVOKING Finesse.
 39774 | Depths:1 | 39774 ||| Stepping ~*~*~tactically~*~*~ (stealth).
 39776 | Depths:1 | 39776 ||| Stepping ~*~*~tactically~*~*~ (hiding).
 39797 | Depths:1 | Received a gift from Okawaru
 39835 | Depths:1 | 39835 ||| INVOKING Heroism.
 39836 | Depths:1 | 39836 ||| INVOKING Finesse.
 39881 | Depths:1 | 39881 ||| Stepping ~*~*~tactically~*~*~ (hiding).
 40139 | Depths:1 | Found a gateway to Hell.
 40227 | Depths:1 | Found a shimmering altar of Xom.
 40309 | Depths:1 | Found a one-way gate to the infinite horrors of the Abyss.
 40359 | Depths:2 | Noticed a caustic shrike
 40360 | Depths:2 | Noticed a juggernaut
 40361 | Depths:2 | 40361 ||| INVOKING Heroism.
 40362 | Depths:2 | 40362 ||| INVOKING Finesse.
 40380 | Depths:2 | Killed a juggernaut
 40380 | Depths:2 | Received a gift from Okawaru
 40381 | Depths:2 | Reached skill level 20 in Armour
 40391 | Depths:2 | Killed a caustic shrike
 40399 | Depths:2 | 40399 ||| Stepping ~*~*~tactically~*~*~ (hiding).
 40468 | Depths:2 | 40468 ||| INVOKING Heroism.
 40490 | Depths:2 | 40490 ||| INVOKING Heroism.
 40543 | Depths:2 | 40543 ||| Stepping ~*~*~tactically~*~*~ (hiding).
 40602 | Depths:2 | 40602 ||| Stepping ~*~*~tactically~*~*~ (hiding).
 40603 | Depths:2 | 40603 ||| Stepping ~*~*~tactically~*~*~ (hiding).
 40773 | Depths:2 | You are sucked into a shaft and drop 2 floors!
 40773 | Depths:4 | Entered Level 4 of the Depths
 40775 | Depths:4 | 40775 ||| INVOKING Heroism.
 40798 | Depths:4 | Received a gift from Okawaru
 40799 | Depths:4 | Reached skill level 6 in Dodging
 40904 | Depths:4 | Found Tihyezot's Armour Shoppe.
 41028 | Depths:4 | 41028 ||| DROPPING +4 ring of protection.
 41098 | Depths:2 | 41098 ||| INVOKING Heroism.
 41379 | Depths:2 | 41379 ||| Stepping ~*~*~tactically~*~*~ (hiding).
 41382 | Depths:2 | 41382 ||| INVOKING Heroism.
 41399 | Depths:2 | 41399 ||| Stepping ~*~*~tactically~*~*~ (hiding).
 41413 | Depths:2 | 41413 ||| Stepping ~*~*~tactically~*~*~ (stealth).
 41414 | Depths:2 | 41414 ||| Stepping ~*~*~tactically~*~*~ (stealth).
 41415 | Depths:2 | 41415 ||| Stepping ~*~*~tactically~*~*~ (stealth).
 41525 | Depths:2 | Found a one-way gate leading to the halls of Pandemonium.
 41650 | Depths:2 | 41650 ||| DROPPING scarf of invisibility.
 41720 | Depths:3 | 41720 ||| INVOKING Heroism.
 41746 | Depths:3 | Reached XP level 22. HP: 86/148 MP: 29/29
 42042 | Depths:3 | Noticed Louise
 42065 | Depths:3 | Killed Louise
 42065 | Depths:3 | Received a gift from Okawaru
 42175 | Depths:3 | 42175 ||| INVOKING Heroism.
 42185 | Depths:3 | Noticed a golden dragon
 42201 | Depths:3 | Noticed a juggernaut
 42209 | Depths:3 | Killed a golden dragon
 42211 | Depths:3 | Noticed Jory
 42215 | Depths:3 | 42215 ||| INVOKING Heroism.
 42233 | Depths:3 | Noticed a juggernaut
 42234 | Depths:3 | HP: 36/149 [spriggan rider/+0 spear (5)]
 42235 | Depths:3 | 42235 ||| READING 7 scrolls of teleportation.
 42236 | Depths:3 | 42236 ||| DRINKING potion of heal wounds.
 42359 | Depths:3 | 42359 ||| INVOKING Heroism.
 42410 | Depths:3 | 42410 ||| INVOKING Heroism.
 42426 | Depths:3 | Killed a juggernaut
 42636 | Depths:3 | 42636 ||| INVOKING Heroism.
 42720 | Depths:3 | Found a runed translucent door.
 42725 | Depths:3 | Found a runed translucent door.
 42783 | Depths:3 | 42783 ||| Stepping ~*~*~tactically~*~*~ (hiding).
 42786 | Depths:3 | 42786 ||| Stepping ~*~*~tactically~*~*~ (hiding).
 42787 | Depths:3 | 42787 ||| INVOKING Heroism.
 42803 | Depths:3 | Reached skill level 21 in Armour
 42866 | Depths:3 | 42866 ||| INVOKING Heroism.
 42875 | Depths:3 | Killed a juggernaut
 43154 | Depths:3 | 43154 ||| DROPPING +0 pair of boots of rampaging.
 43307 | Depths:4 | 43307 ||| Stepping ~*~*~tactically~*~*~ (hiding).
 43377 | Depths:4 | 43377 ||| Stepping ~*~*~tactically~*~*~ (hiding).
 43456 | Depths:4 | Found a one-way gateway to a ziggurat.
 43458 | Depths:4 | 43458 ||| Stepping ~*~*~tactically~*~*~ (stealth).
 43459 | Depths:4 | 43459 ||| Stepping ~*~*~tactically~*~*~ (stealth).
 43585 | Depths:4 | 43585 ||| INVOKING Heroism.
 43626 | Depths:4 | 43626 ||| Stepping ~*~*~tactically~*~*~ (stealth).
 43678 | Depths:4 | 43678 ||| Stepping ~*~*~tactically~*~*~ (stealth).
 43859 | Depths:4 | 43859 ||| INVOKING Heroism.
 43875 | Depths:4 | Received a gift from Okawaru
 44133 | Depths:4 | 44133 ||| INVOKING Heroism.
 44148 | Depths:4 | 44148 ||| Stepping ~*~*~tactically~*~*~ (stealth).
 44150 | Depths:4 | 44150 ||| Stepping ~*~*~tactically~*~*~ (hiding).
 44235 | Depths:4 | 44235 ||| FLEEEEING.
 44236 | Depths:4 | 44236 ||| FLEEEEING.
 44237 | Depths:4 | 44237 ||| FLEEEEING.
 44251 | Depths:4 | 44251 ||| Stepping ~*~*~tactically~*~*~ (hiding).
 44258 | Depths:4 | Reached skill level 22 in Armour
 44326 | Depths:4 | 44326 ||| Stepping ~*~*~tactically~*~*~ (stealth).
 44328 | Depths:4 | 44328 ||| Stepping ~*~*~tactically~*~*~ (hiding).
 44330 | Depths:4 | 44330 ||| INVOKING Heroism.
 44391 | Depths:4 | Found a gate to the Realm of Zot.
 44466 | Depths:4 | Noticed a juggernaut
 44467 | Depths:4 | 44467 ||| INVOKING Heroism.
 44481 | Depths:4 | Killed a juggernaut
 44575 | Depths:4 | 44575 ||| PLANNING VAULTS:5
 44876 | Vaults:5 | Entered Level 5 of the Vaults
 44880 | Vaults:5 | 44880 ||| INVOKING Heroism.
 44886 | Vaults:5 | Received a gift from Okawaru
 44907 | Vaults:5 | Received a gift from Okawaru
 44908 | Vaults:5 | 44908 ||| STAIRDANCE
 44919 | Vaults:4 | HP: 38/152 [storm dragon/bolt of lightning (2)]
 44920 | Vaults:4 | 44920 ||| READING 6 scrolls of teleportation.
 45227 | Vaults:5 | Noticed a golden dragon
 45228 | Vaults:5 | 45228 ||| INVOKING Heroism.
 45235 | Vaults:5 | 45235 ||| STAIRDANCE
 45289 | Vaults:5 | 45289 ||| INVOKING Heroism.
 45292 | Vaults:5 | Noticed a golden dragon
 45302 | Vaults:5 | Identified the +6 flail of Malum Prohibitum {heavy, Str+5
                  | Int-5 Stlth+}
 45307 | Vaults:5 | Killed a golden dragon
 45317 | Vaults:5 | Killed a golden dragon
 45319 | Vaults:5 | HP: 33/151 [frost giant/bolt of cold (8)]
 45319 | Vaults:5 | HP: 13/151 [titan (20)]
 45320 | Vaults:5 | 45320 ||| READING 5 scrolls of teleportation.
 45320 | Vaults:5 | HP: 5/151 [frost giant/bolt of cold (8)]
 45322 | Vaults:5 | HP: 2/151 [vault guard/+0 bardiche (4)]
 45324 | Vaults:5 | 45324 ||| READING 4 scrolls of teleportation.
 45325 | Vaults:5 | Annihilated by a titan

Levels and vault maps discovered:
D:1:      psy_arrival_whirlpool, layout_basic, st_stairs_12,
          chequers_serial_rivers_micro_e, hex_intersection,
          columned_hall_lemuel, serial_bayou_ford_a, minmay_misc_feat_pillars,
          skrybe_limestone_x
D:2:      layout_basic, minmay_circle_x
D:3:      layout_basic, kennysheep_okawaru_gauntlet,
          nemelex_xobeh_ov_fountains_minmay,
          hellmonk_ecumenical_altar_crossroads
D:4:      layout_basic, nzn_hepliaklqana_mist_gate, minmay_temple_entry_tees,
          uniq_menkaure
D:5:      layout_cave_pools, minitemple, uniq_duvessa
D:6:      layout_rooms, mainiacjoe_overflow_brackets, uniq_sigmund, uniq_pikel,
          uniq_blork_the_orc
D:7:      layout_layer_cave, serial_shops, nicolae_shop_statue_plus
D:8:      layout_loops_ring
D:9:      layout_stronghold, hellmonk_lair_entry_icy
D:10:     layout_long_grid, good_gods_temple_1, enter_bailey_5,
          nicolae_eternal_life, grunt_decor_arrowhead, nicolae_specific_store
D:11:     layout_rooms, orc_0_dummy, hellmonk_bongcloud_opening,
          minmay_misc_feat_room, uniq_urug
D:12:     layout_layer_cave, portal_ice_cave_demonic_guard,
          amcnicky_mini_pool_small, minmay_diamond_spiral
D:13:     layout_grid_maze, serial_shops, shop, serial_demonic,
          serial_demonic_d, serial_demonic_e, serial_demonic_c,
          serial_demonic_d, serial_demonic_d, serial_demonic_e, serial_demonic_b
D:14:     layout_gridville, skrybe_vaults_entry_preservation,
          nicolae_concentric_dashed_squares_wild
D:15:     gammafunk_enter_depths_forms, layout_rooms, chequers_big_river
Temple:   nicolae_temple_godzebo
Lair:1:   layout_gridlike, grunt_megastairs_2, infiniplex_staircase_pool_2
Lair:2:   layout_cellular_growth, elwin_shoals_entry_stream, ebering_ghost_xom,
          chequers_serial_rivers_micro_e, serial_bayou_shore_b,
          grunt_megastairs_4, lemuel_fruit_tree, uniq_harold, uniq_sonja
Lair:3:   layout_misc_corridors, guppyfry_snake_entry_garden, uniq_nergalle
Lair:4:   layout_regular_city, lemuel_fruit_fields, grunt_megastairs_1
Lair:5:   gammafunk_lair_ancient_temple, layout_regular_city, slime_entry_1,
          kennysheep_rathole
Shoals:1: cheibrodos_shoals_oceanic_diplomacy, layout_shoals,
          nicolae_shoals_wave_tunnel, uniq_mlioglotl
Shoals:2: layout_shoals, ebering_ghost_inner_flame
Shoals:3: cheibrodos_shoals_roost, layout_shoals, serial_shops,
          nicolae_lakefront_shop, nicolae_square_shop, shop, shop,
          nicolae_shoals_water_shrine, uniq_nikola
Shoals:4: shoals_end_simple, layout_shoals, uniq_polyphemus
Snake:1:  layout_honeycomb
Snake:2:  layout_concentric_octagons, basic_altar
Snake:3:  layout_honeycomb, serial_shops, nicolae_shop_statue_plus,
          ebering_ghost_disaster_area, grunt_megastairs_3, serial_bayou_shore_b
Snake:4:  grunt_snake_rune_pools, layout_misc_corridors, basic_altar,
          nicolae_integral_box
Orc:1:    layout_caves, led_sif_book, uniq_fannar
Orc:2:    grunt_orc_community_town_hall, layout_diamond_mine,
          grunt_orc_community_big_house_2, grunt_orc_community_big_house_1,
          grunt_orc_community_house_1, grunt_orc_community_house_3,
          grunt_orc_community_house_2, grunt_orc_community_house_2,
          serial_shops, shop
Vaults:1: nicolae_vaults_specimen_jars, nicolae_vaults_rhombus_5,
          nicolae_vaults_you_can_take_it_with_you,
          nicolae_vaults_sealed_display, vaults_mumra_hex,
          nicolae_vaults_trapezoid_lopsided_4, layout_vaults_omnigrid
Vaults:2: mu_enter_wizlab_6, nicolae_vaults_security_offices_2,
          nicolae_vaults_trapezoid_lopsided_2, nicolae_vaults_little_squares_2,
          v_misc_12, v_misc_9, hangedman_vaults_nails, v_misc_26,
          v_alt_pattern_6, ontoclasm_vaults_spin,
          nicolae_vaults_variable_pillar_hall, v_alt_pattern_4,
          layout_vaults_maze_snakey, uniq_margery
Vaults:3: vaults_room_door_hall, nicolae_vaults_house_1,
          nicolae_vaults_frosty_reception, v_misc_4,
          minmay_crypt_entry_simple_corners, v_alt_pattern_1,
          hangedman_vaults_cutoff, nicolae_vaults_three_branches, v_misc_12,
          nicolae_vaults_murder_corner, vaults_room_door_ring,
          grunt_vaults_hallway_short, vaults_dpeg_emergency_exit,
          layout_vaults_chaotic_city, serial_shops, shop, uniq_bai_suzhen
Vaults:4: vaults_dpeg_hooks, nicolae_vaults_shrinking_rooms_2, vaults_dpeg_ring,
          v_misc_10, nicolae_vaults_lightning_bolt,
          nicolae_vaults_little_squares_5, ontoclasm_vaults_gateway,
          nicolae_vaults_surprise_closet, grunt_vaults_hallway_short,
          nicolae_vaults_house_2, nicolae_vaults_steering_wheel,
          v_alt_pattern_2, layout_vaults_omnibox, serial_shops,
          nicolae_shop_tiny_statue_garden, shop
Vaults:5
Depths:1: layout_cave_pools, abyss_entry_crystal, hell_entry, xom_teletrap_fun
Depths:2: minmay_mutant_horseshoe, layout_twisted_cross, hell_entry,
          grunt_pan_entry_zigzag, serial_bayou_shore_a
Depths:3: minmay_the_grid_triangle_9x9_rhombus_thin_mashed
          [minmay_the_grid_triangle_9x9_tough_junction,
          minmay_the_grid_triangle_9x9_prize_center,
          minmay_the_grid_triangle_9x9_odd_lines,
          minmay_the_grid_triangle_9x9_dagger], layout_basic,
          kennysheep_decorative_pillar, nicolae_abyss_entry_one_way_or_another,
          pf_hell_entry_tar_river, minmay_staircase_windowed_large, uniq_jory
Depths:4: grunt_zot_entry_hairpin, layout_gridlike, enter_ziggurat_f,
          serial_shops, shop, abyss_entry, grunt_mini_vestibule

Skill      XL: |  1  2  3  4  5  6  7  8  9 10 11 12 13 14 15 16 17 18 19 20 21 22 |
---------------+-------------------------------------------------------------------+-----
Axes           | 2 3 4 5 6 8 9 10 12 13 14 15 17 18 | 18.0
Fighting       | 4 5 7 8 9 10 11 12 13 15 16 17 18 20 | 20.0
Shields        | 6 10 12 13 14 15 16 17 18 19 20 | 20.7
Armour         | 4 6 8 9 10 11 12 13 14 16 19 20 22 | 22.0
Dodging        | 1 2 3 4 5 6 |  6.1
Throwing       | 1 3 5 7 8 9 10 | 10.0
Invocations    | 4 8 10 | 10.0

Action                     |  1- 3 |  4- 6 |  7- 9 | 10-12 | 13-15 | 16-18 | 19-21 | 22-24 || total
---------------------------+-------+-------+-------+-------+-------+-------+-------+-------++-------
  Melee: War axe           |    87 |    98 |   349 |   675 |  1317 |    12 |       |       ||  2538
         Mace              |       |       |       |       |    28 |       |       |       ||    28
         Flail             |       |       |       |       |    13 |       |       |       ||    13
         Morningstar       |       |       |       |       |     5 |       |       |       ||     5
         Broad axe         |       |       |       |       |       |  2274 |  1803 |   580 ||  4657
  Throw: Boomerang         |       |     3 |    45 |    95 |   163 |    56 |       |       ||   362
         Javelin           |       |       |       |    40 |    49 |    48 |   181 |    39 ||   357
 Invoke: Heroism           |       |       |       |       |    20 |    46 |    31 |    15 ||   112
         Finesse           |       |       |       |       |       |     7 |    10 |       ||    17
    Use: Scroll            |     7 |     2 |     6 |     7 |    11 |     8 |     3 |     4 ||    48
         Potion            |     1 |     1 |     4 |       |     2 |     2 |     3 |     1 ||    14
   Stab: Petrified         |       |       |       |       |     3 |       |       |       ||     3
 Armour: Scale mail        |    50 |       |       |       |       |       |       |       ||    50
         Plate armour      |     1 |   120 |   361 |   544 |   855 |  1145 |   383 |       ||  3409
         Gold dragon scale |       |       |       |       |       |       |   466 |   347 ||   813
  Dodge: Dodged            |    46 |    38 |    79 |   150 |   272 |   488 |   441 |   239 ||  1753
  Block: Buckler           |     9 |    25 |     1 |       |       |       |       |       ||    35
         Tower shield      |       |       |   311 |   746 |  1291 |  2158 |  1823 |   759 ||  7088
         Reflection        |       |       |       |       |       |       |    50 |     9 ||    59

Table legend:
 A = Non-vault XP
 B = Vault XP
 C = Vault XP percentage of total XP
 D = Non-vault monster count
 E = Vault monster count
 F = Vault count percentage of total count
                 A         B        C        D         E       F
            +---------+---------+-------+---------+---------+-------
      Total |  402631 |  300483 |  42.7 |    1035 |     493 |  32.3
            +---------+---------+-------+---------+---------+-------
        D:1 |      25 |       1 |   3.8 |      14 |       1 |   6.7
        D:2 |      50 |       2 |   3.8 |      12 |       1 |   7.7
        D:3 |     272 |       4 |   1.4 |      24 |       2 |   7.7
        D:4 |     157 |     172 |  52.3 |      12 |       1 |   7.7
        D:5 |     541 |     219 |  28.8 |      13 |       2 |  13.3
        D:6 |     888 |     986 |  52.6 |      23 |       3 |  11.5
        D:7 |    1623 |       0 |   0.0 |      28 |       0 |   0.0
        D:8 |    2037 |       0 |   0.0 |      28 |       0 |   0.0
        D:9 |    4899 |    1521 |  23.7 |      35 |       9 |  20.5
       D:10 |    1958 |       7 |   0.4 |      25 |       4 |  13.8
       D:11 |    3848 |     798 |  17.2 |      15 |       1 |   6.2
       D:12 |    7379 |    2715 |  26.9 |      35 |       6 |  14.6
       D:13 |    6133 |    7164 |  53.9 |      16 |      17 |  51.5
       D:14 |    7080 |    5577 |  44.1 |      14 |       9 |  39.1
       D:15 |   10762 |    4886 |  31.2 |      25 |       7 |  21.9
     Lair:1 |    5313 |     943 |  15.1 |      20 |       4 |  16.7
     Lair:2 |    6953 |    4942 |  41.5 |      25 |      16 |  39.0
     Lair:3 |    5096 |    1085 |  17.6 |      21 |       3 |  12.5
     Lair:4 |    9614 |    1024 |   9.6 |      41 |       4 |   8.9
     Lair:5 |   16854 |    7629 |  31.2 |      40 |      28 |  41.2
   Shoals:1 |   13071 |    9393 |  41.8 |      28 |      19 |  40.4
   Shoals:2 |   19668 |       0 |   0.0 |      40 |       0 |   0.0
   Shoals:3 |   10541 |    9710 |  47.9 |      23 |      16 |  41.0
   Shoals:4 |   15841 |   26608 |  62.7 |      34 |      43 |  55.8
    Snake:1 |   10188 |       0 |   0.0 |      24 |       0 |   0.0
    Snake:2 |   16260 |       0 |   0.0 |      31 |       0 |   0.0
    Snake:3 |   23694 |    4198 |  15.1 |      44 |       7 |  13.7
    Snake:4 |   14776 |   26178 |  63.9 |      29 |      40 |  58.0
      Orc:1 |    3570 |     924 |  20.6 |      37 |       3 |   7.5
      Orc:2 |    2797 |    5413 |  65.9 |      23 |      68 |  74.7
   Vaults:1 |   20203 |   21623 |  51.7 |      31 |      21 |  40.4
   Vaults:2 |   17523 |   34489 |  66.3 |      25 |      50 |  66.7
   Vaults:3 |   24401 |   21009 |  46.3 |      42 |      24 |  36.4
   Vaults:4 |   37405 |   15605 |  29.4 |      58 |      17 |  22.7
   Vaults:5 |    2175 |   22801 |  91.3 |       4 |      21 |  84.0
   Depths:1 |   25244 |       0 |   0.0 |      32 |       0 |   0.0
   Depths:2 |   17462 |    8885 |  33.7 |      21 |       5 |  19.2
   Depths:3 |   12787 |   30059 |  70.2 |      19 |      20 |  51.3
   Depths:4 |   23543 |   23237 |  49.7 |      24 |      20 |  45.5
     WizLab |       0 |     676 | 100.0 |       0 |       1 | 100.0
            +---------+---------+-------+---------+---------+-------
